 Dungeon Crawl Stone Soup version 0.30.1 (webtiles) character file.

Game seed: 1824100174914398039

33668612 glosham the Archmage (level 27, 245/245 HPs)
             Began as a Demonspawn Hexslinger on June 30, 2023.
             Was the Champion of Cheibriados.
             Escaped with the Orb
             ... and 15 runes on July 12, 2023!
             The game lasted 1 day 08:01:26 (43891 turns).

glosham the Archmage (Demonspawn Hexslinger)   Turns: 43891, Time: 1 , 08:01:26

Health: 245/245    AC:  8    Str: 27    XL:     27
Magic:  54/54      EV: 42    Int: 61    God:    Cheibriados [******]
Gold:   8573       SH: 38    Dex: 44    Spells: 1/80 levels left

rFire   + + +        a - staff of fire "Ikhlics" {rF+ Dex+4}
rCold   + + +        Z - +8 tower shield {rC+ rF+}
rNeg    . . .        X - +1 robe of Vines {NoPotionHeal Regen++++}
rPois   +            T - +0 mask of the Dragon {Will+ Slay+3 SInv}
rElec   .            (cloak unavailable)
rCorr   +            U - +0 pair of gloves of the Pleiades {rC+ Will+ Regen+}
SInv    +            V - +3 pair of mountain boots {steadfast, rC+}
Will    +++++        z - amulet "Fubu" {RegenMP Harm rPois Int+2 Dex+4}
Stlth   +            A - ring "Omurin Bute" {Contam rF+ Will+ Int+6 Slay+3}
HPRegen 4.60/turn    B - ring of Epiedo {rCorr Int+6 Dex+6}
MPRegen 0.74/turn

%: harm (+30% outgoing, +20% incoming), wizardry (x1)
@: studying 4 skills, very slow
A: powered by death 3, powered by pain 3, black mark, big brain 3, bedeviling,
aura of silence, weakness stinger 3, hooves 1, mutation resistance 1, wild magic
1
0: Orb of Zot
}: 15/15 runes: decaying, serpentine, slimy, silver, golden, iron, obsidian,
icy, bone, abyssal, demonic, glowing, magical, fiery, dark
a: Renounce Religion, Bend Time, Temporal Distortion, Slouch, Step From Time


You escaped.
You worshipped Cheibriados.
Cheibriados was exalted by your worship.
You visited 17 branches of the dungeon, and saw 87 of its levels.
You visited Pandemonium 3 times, and saw 11 of its levels.
You visited the Abyss 4 times.
You completed 1 ziggurat, and saw 27 of its levels.
You also visited: Sewer, Ice Cave and Wizlab.

You collected 15160 gold pieces.
You spent 6587 gold pieces at shops.

Inventory:

Hand Weapons
 b - the +0 broad axe of the Secret Shrikes {protect, Fly rPois rF+ Str+4}
   (You took it off a deep elf pyromancer on level 14 of the Dungeon)

   Str:       It affects your strength (+4).
   rF:        It protects you from fire.
   rPois:     It protects you from poison.
   Fly:       It grants you flight.
 v - the +6 Majin-Bo {spellvamp, MP+6 Int+6}
   (You took it off a Hellbinder in a wizard's laboratory)

   Int:       It affects your intelligence (+6).
   MP:        It affects your magic capacity (+6).
Missiles
 R - 16 javelins (quivered)
 W - 4 silver javelins
Armour
 N - the +1 hat of Lulymm {+Blink Str+3 Int+2}
   (You found it on level 7 of Cocytus)

   Str:       It affects your strength (+3).
   Int:       It affects your intelligence (+2).
   +Blink:    It lets you blink.
 P - the +2 faerie dragon scales {rCorr Int+2}
   (You took it off the Enchantress on level 1 of the Depths)

   Int:       It affects your intelligence (+2).
   rCorr:     It protects you from acid and corrosion.
 Q - the +1 pair of gloves "Finum" {+Inv rF+}
   (You found it on level 3 of the Crypt)

   rF:        It protects you from fire.
   +Inv:      It lets you turn invisible.
 S - +1 gold dragon scales
 T - the +0 mask of the Dragon (worn) {Will+ Slay+3 SInv}
   (You found it on level 3 of the Elven Halls)

   Slay:      It affects your accuracy & damage with ranged weapons and melee
   (+3).
   SInv:      It lets you see invisible.
   Will:      It increases your willpower.
 U - the +0 pair of gloves of the Pleiades (worn) {rC+ Will+ Regen+}
   (You acquired it on level 2 of the Tomb of the Ancients)

   rC:        It protects you from cold.
   Regen:     It increases your rate of health regeneration.
   Will:      It increases your willpower.
 V - the +3 pair of mountain boots (worn) {steadfast, rC+}
   (You found it on level 3 of the Realm of Zot)

   Steadfast: It prevents involuntary movement, except for blinking,
   teleportation, or banishment.
   rC:        It protects you from cold.
 X - the +1 robe of Vines (worn) {NoPotionHeal Regen++++}
   (You found it on level 7 of Cocytus)

   NoPotionHeal: Its wearer cannot be healed by potions.
   Regen:     It increases your rate of health regeneration.
 Z - a +8 tower shield of resistance (worn)
Magical Staves
 a - the staff of fire "Ikhlics" (weapon) {rF+ Dex+4}
   (You found it in Pandemonium)

   [staff of fire]

   Base accuracy: +5 Base damage: 5 Base attack delay: 1.2 This weapon's minimum
   attack delay (0.6) is reached at skill level 12.
   Dex:       It affects your dexterity (+4).
   rF:        It protects you from fire.
   It falls into the 'Staves' category.
   It is a one-handed weapon.
 c - the staff of cold "Anue" {rC+ Int+3}
   (You found it on level 3 of the Tomb of the Ancients)

   [staff of cold]

   Base accuracy: +5 Base damage: 5 Base attack delay: 1.2 This weapon's minimum
   attack delay (0.6) is reached at skill level 12.
   Int:       It affects your intelligence (+3).
   rC:        It protects you from cold.
   It falls into the 'Staves' category.
   It is a one-handed weapon.
 d - the staff of death "Xuitsoma" {rN+ Str+3 Dex+3}
   (You bought it in a shop on level 2 of the Orcish Mines)

   [staff of death]

   Base accuracy: +5 Base damage: 5 Base attack delay: 1.2 This weapon's minimum
   attack delay (0.6) is reached at skill level 12.
   Str:       It affects your strength (+3).
   Dex:       It affects your dexterity (+3).
   rN:        It protects you from negative energy.
   It falls into the 'Staves' category.
   It is a one-handed weapon.
 e - the staff of air "Foepluv" {rElec Int+3 Dex+4}
   (You found it on level 19 of a ziggurat)

   [staff of air]

   Base accuracy: +5 Base damage: 5 Base attack delay: 1.2 This weapon's minimum
   attack delay (0.6) is reached at skill level 12.
   Int:       It affects your intelligence (+3).
   Dex:       It affects your dexterity (+4).
   rElec:     It insulates you from electricity.
   It falls into the 'Staves' category.
   It is a one-handed weapon.
 O - the staff of earth "Sorur" {Int+3}
   (You found it on level 26 of a ziggurat)

   [staff of earth]

   Base accuracy: +5 Base damage: 5 Base attack delay: 1.2 This weapon's minimum
   attack delay (0.6) is reached at skill level 12.
   Int:       It affects your intelligence (+3).
   It falls into the 'Staves' category.
   It is a one-handed weapon.
Jewellery
 z - the amulet "Fubu" (around neck) {RegenMP Harm rPois Int+2 Dex+4}
   (You found it on level 5 of the Pits of Slime)

   [amulet of magic regeneration]

   It increases your rate of magic regeneration.
   Int:       It affects your intelligence (+2).
   Dex:       It affects your dexterity (+4).
   rPois:     It protects you from poison.
   Harm:      It increases damage dealt and taken.
 A - the ring "Omurin Bute" (left hand) {Contam rF+ Will+ Int+6 Slay+3}
   (You bought it in a shop on level 3 of the Elven Halls)

   [ring of intelligence]

   Int:       It affects your intelligence (+6).
   Slay:      It affects your accuracy & damage with ranged weapons and melee
   (+3).
   rF:        It protects you from fire.
   Contam:    It causes magical contamination when unequipped.
   Will:      It increases your willpower.
 B - the ring of Epiedo (right hand) {rCorr Int+6 Dex+6}
   (You acquired it on level 15 of a ziggurat)

   [ring of intelligence]

   Int:       It affects your intelligence (+6).
   Dex:       It affects your dexterity (+6).
   rCorr:     It protects you from acid and corrosion.
 C - a ring of wizardry
 Y - the ring of Hanisita {+Blink rN+ AC+4}
   (You took it off Antaeus on level 7 of Cocytus)

   [ring of protection]

   AC:        It affects your AC (+4).
   rN:        It protects you from negative energy.
   +Blink:    It lets you blink.
Wands
 f - a wand of flame (172)
 g - a wand of digging (40)
 i - a wand of roots (171)
 j - a wand of acid (54)
Scrolls
 k - 32 scrolls of teleportation
 l - 2 scrolls of blinking
 m - 8 scrolls of fog
 n - 7 scrolls of fear
 p - 5 scrolls of butterflies
 K - 10 scrolls of immolation
 L - a scroll of enchant armour
 M - 10 scrolls of amnesia
Potions
 q - 2 potions of ambrosia
 r - 33 potions of curing
 s - 23 potions of heal wounds
 t - 6 potions of magic
 u - 9 potions of resistance
 w - 6 potions of brilliance
 x - 5 potions of invisibility
 y - 19 potions of might
 D - 7 potions of cancellation
 F - 10 potions of flight
 G - 8 potions of attraction
 H - 9 potions of lignification
 I - 40 potions of mutation
Miscellaneous
 h - 2 +1 figurines of a ziggurat
 E - a lightning rod (4/4)
 J - a tin of tremorstones (2/2)


   Skills:
 - Level 26.1 Fighting
 - Level 1.7 Ranged Weapons
 - Level 17.4 Throwing
 - Level 4.4 Armour
 - Level 18.2 Dodging
 - Level 19.9 Shields
 O Level 27 Spellcasting
 * Level 12.3 Conjurations
 - Level 3.0 Hexes
 - Level 21.6 Necromancy
 - Level 3.0 Translocations
 - Level 7.0 Transmutations
 - Level 23.6 Fire Magic
 - Level 20.0 Ice Magic
 - Level 26.0 Earth Magic
 - Level 15.0 Invocations
 - Level 14.3 Evocations


You had one spell level left.
You knew the following spells:

 Your Spells              Type           Power      Damage    Failure   Level
a - Apportation           Tloc           100%       N/A       1%          1
b - Blink                 Tloc           100%       N/A       1%          2
i - Ignition              Fire           98%        3d25      1%          8
l - Lee's Rapid Deconstr  Erth           87%        3d39*     1%          5
m - Sublimation of Blood  Necr           100%       N/A       1%          2
n - Necromutation         Tmut/Necr      73%        N/A       1%          8
o - Ozocubu's Refrigerat  Ice            81%        4d25      1%          7
p - Plasma Beam           Fire/Air       82%        2x1d109   1%          6
q - Vhi's Electric Charg  Tloc/Air       100%       N/A       1%          3
v - Polar Vortex          Ice            81%        N/A       2%          9
w - Fire Storm            Conj/Fire      91%        8d23      4%          9
x - Lehudib's Crystal Sp  Conj/Erth      80%        10d18     1%          8
z - Passwall              Tmut/Erth      100%       N/A       1%          2
Y - Death's Door          Necr           83%        N/A       1%          9

Your spell library contained the following spells:

 Spells                   Type           Power      Damage    Failure   Level
 Beastly Appendage        Tmut           100%       N/A       1%          1
 Foxfire                  Conj/Fire      100%       2x1d9     1%          1
 Freeze                   Ice            100%       1d10      1%          1
 Kiss of Death            Conj/Necr      100%       2d13      1%          1
 Magic Dart               Conj           100%       1d8       1%          1
 Necrotise                Necr           100%       1d9       1%          1
 Sandblast                Erth           100%       2d20      1%          1
 Shock                    Conj/Air       100%       1d9       1%          1
 Slow                     Hex            100%       N/A       1%          1
 Sting                    Tmut/Pois      100%       1d8       1%          1
 Summon Small Mammal      Summ           100%       N/A       1%          1
 Call Imp                 Summ           100%       N/A       1%          2
 Cigotuvi's Dreadful Rot  Necr/Pois/Air  100%       N/A       1%          2
 Ensorcelled Hibernation  Hex/Ice        100%       N/A       1%          2
 Lesser Beckoning         Tloc           100%       N/A       1%          2
 Momentum Strike          Conj/Tloc      100%       3d10      1%          2
 Poisonous Vapours        Pois/Air       100%       N/A       1%          2
 Scorch                   Fire           100%       2d9       1%          2
 Wereblood                Tmut           100%       N/A       1%          2
 Call Canine Familiar     Summ           82%        N/A       1%          3
 Confusing Touch          Hex            100%       N/A       1%          3
 Dazzling Flash           Conj/Hex       100%       N/A       1%          3
 Frozen Ramparts          Ice            100%       1d16      1%          3
 Gell's Gravitas          Tloc           100%       N/A       1%          3
 Hailstorm                Conj/Ice       100%       3d20      1%          3
 Ignite Poison            Fire/Tmut/Pois 100%       N/A       1%          3
 Inner Flame              Hex/Fire       100%       N/A       1%          3
 Mephitic Cloud           Conj/Pois/Air  100%       N/A       1%          3
 Ozocubu's Armour         Ice            100%       N/A       1%          3
 Portal Projectile        Hex/Tloc       100%       N/A       1%          3
 Spider Form              Tmut/Pois      100%       N/A       1%          3
 Stone Arrow              Conj/Erth      100%       3d13      1%          3
 Summon Guardian Golem    Hex/Summ       100%       N/A       1%          3
 Swiftness                Air            82%        N/A       1%          3
 Teleport Other           Tloc           100%       N/A       1%          3
 Tukima's Dance           Hex            100%       N/A       1%          3
 Vampiric Draining        Necr           100%       2d13      1%          3
 Volatile Blastmotes      Fire/Tloc      100%       2d18      1%          3
 Airstrike                Air            41%        2d(6-22)  1%          4
 Anguish                  Hex/Necr       83%        N/A       1%          4
 Animate Armour           Summ/Erth      100%       N/A       1%          4
 Animate Dead             Necr           100%       N/A       1%          4
 Cause Fear               Hex            62%        N/A       1%          4
 Dispel Undead            Necr           100%       3d31      1%          4
 Flame Wave               Conj/Fire      100%       2d21      1%          4
 Fulminant Prism          Conj/Hex       74%        3d30      1%          4
 Iskenderun's Mystic Bla  Conj/Tloc      100%       2d19      1%          4
 Leda's Liquefaction      Hex/Erth       86%        N/A       1%          4
 Manifold Assault         Tloc           100%       N/A       1%          4
 Olgreb's Toxic Radiance  Pois           82%        N/A       1%          4
 Passage of Golubria      Tloc           100%       N/A       1%          4
 Petrify                  Tmut/Erth      100%       N/A       1%          4
 Sticky Flame             Conj/Fire      100%       2d11      1%          4
 Summon Ice Beast         Ice/Summ       100%       N/A       1%          4
 Summon Lightning Spire   Summ/Air       82%        N/A       1%          4
 Alistair's Intoxication  Tmut/Pois      69%        N/A       1%          5
 Arcjolt                  Conj/Air       58%        1d68      1%          5
 Blade Hands              Tmut           60%        N/A       1%          5
 Borgnjor's Vile Clutch   Necr/Erth      85%        N/A       1%          5
 Fireball                 Conj/Fire      91%        3d33      1%          5
 Freezing Cloud           Conj/Ice/Air   67%        6-21      1%          5
 Irradiate                Conj/Tmut      65%        3d33      1%          5
 Iskenderun's Battlesphe  Conj           100%       2d15      1%          5
 Metabolic Englaciation   Hex/Ice        81%        N/A       1%          5
 Silence                  Hex/Air        57%        N/A       1%          5
 Summon Forest            Summ/Tloc      46%        N/A       1%          5
 Summon Mana Viper        Hex/Summ       100%       N/A       1%          5
 Yara's Violent Unravell  Hex/Tmut       68%        3d25      1%          5
 Conjure Ball Lightning   Conj/Air       58%        3x3d21    1%          6
 Death Channel            Necr           83%        N/A       1%          6
 Iron Shot                Conj/Erth      80%        9d15      1%          6
 Simulacrum               Ice/Necr       82%        N/A       1%          6
 Starburst                Conj/Fire      91%        6d23      1%          6
 Statue Form              Tmut/Erth      100%       N/A       1%          6
 Haunt                    Necr/Summ      67%        N/A       1%          7
 Orb of Destruction       Conj           70%        9d16      1%          7
 Borgnjor's Revivificati  Necr           83%        N/A       1%          8
 Infestation              Necr           83%        N/A       1%          8
 Eringya's Noxious Bog    Tmut/Pois      52%        N/A       2%          6
 Dispersal                Tloc           50%        N/A       3%          6
 Dragon Form              Tmut           60%        N/A       3%          7
 Spellforged Servitor     Conj/Summ      58%        N/A       4%          7
 Summon Cactus Giant      Summ           41%        N/A       10%         6
 Storm Form               Tmut/Air       52%        N/A       12%         7
 Enfeeble                 Hex            62%        N/A       16%         7
 Malign Gateway           Summ/Tloc      46%        N/A       26%         7
 Monstrous Menagerie      Summ           41%        N/A       41%         7
 Summon Hydra             Summ           41%        N/A       41%         7
 Discord                  Hex            62%        N/A       67%         8
 Disjunction              Tloc           50%        N/A       67%         8
 Maxwell's Capacitive Co  Air            41%        ∞         96%         8
 Summon Horrible Things   Summ           41%        N/A       96%         8
 Chain Lightning          Conj/Air       58%        3d78      98%         9


Dungeon Overview and Level Annotations

Branches:
Dungeon (15/15)            Temple (0/1) D:4            Lair (5/5) D:10
  Swamp (4/4) Lair:2        Snake (4/4) Lair:2        Slime (5/5) Lair:4
    Orc (2/2) D:11            Elf (3/3) Orc:2        Vaults (5/5) D:13
  Crypt (3/3) Vaults:2       Tomb (3/3) Crypt:3      Depths (4/4) D:15
   Hell (visited)             Dis (7/7) Hell            Geh (7/7) Hell
    Coc (7/7) Hell            Tar (7/7) Hell            Zot (5/5) Depths:4
  Sewer (visited)           IceCv (visited)          WizLab (visited)

Altars:
Ashenzari
Cheibriados
Fedhas
Kikubaaqudgha
Trog
Yredelemnul
Jiyva
Lugonu

Shops:
D:2 (   D:5 :   D:13 =   D:15 !   Orc:2 [(*:   Elf:1 *   Elf:2 *   Elf:3 :=:
Snake:3 (*   Vaults:3 **=[   Vaults:4 (*:=

Portals:
Hell: Depths:1 Depths:2 Depths:3 Depths:4
Abyss: Swamp:2 Depths:1 Depths:2 Depths:3
Pandemonium: Depths:2

Annotations:
Zot:2 Vv


Innate Abilities, Weirdness & Mutations

You regenerate a lot of health from kills.
You are powered by pain.
Your melee attacks may debilitate your foes.
You have an absolutely massive brain. (Int +6, Wiz)
Your hexes are more powerful.
You are surrounded by an aura of silence.
You have a sharp stinger which inflicts weakening toxins.
You have large cloven feet.
You are somewhat resistant to further mutation.
Your spells are a little harder to cast, but a little more powerful.


Message History

There is a stone staircase leading down here.
Casting: Passwall (safe; 1% risk of failure)
Confirm with . or Enter, or press ? or * to list all spells.
Aiming: Passwall (safe; 1% risk of failure)
Press: ? - help, Dir - move target A rock wall.
This square is shrouded in silence and is covered in magical glow.
You finish merging with the rock.
Blink to where?
Press: ? - help, Dir - move target
As you read the scroll of blinking, it crumbles to dust.
Magic restored.
A mysterious force pulls you upwards. The hatch slams shut behind you.
Blink to where?
Press: ? - help, Dir - move target
As you read the scroll of blinking, it crumbles to dust.
You climb upwards.
There is a stone staircase leading down here.
Blink to where?
Press: ? - help, Dir - move target
As you read the scroll of blinking, it crumbles to dust.
You climb upwards.
There is a stone staircase leading down here.
Blink to where?
Press: ? - help, Dir - move target
As you read the scroll of blinking, it crumbles to dust.
Casting: Passwall (safe; 1% risk of failure)
Confirm with . or Enter, or press ? or * to list all spells.
Okay, then.
Unknown command.
Blink to where?
Press: ? - help, Dir - move target
As you read the scroll of blinking, it crumbles to dust.
Blink to where?
Press: ? - help, Dir - move target
As you read the scroll of blinking, it crumbles to dust.
Blink to where?
Press: ? - help, Dir - move target
As you read the scroll of blinking, it crumbles to dust.
You have escaped!

#########..# #####
#..........#
#..........#
#..........##
#.....♣.....#########
#....8....#..........
#.........#..########
#.........#..........
#...@.....##....#####
#.........##....# ##
####..######....# #.
##..#####....####.
##...............
#..........#....
#.............§.
#......§#....##.
#.......##...##.


There were no monsters in sight!

Vanquished Creatures
  Cerebov (Pan)
  Asmodeus (Geh:7)
  Antaeus (Coc:7)
  the Royal Jelly (Slime:5)
  Ereshkigal (Tar:7)
  Dissolution (Slime:2)
  Gloorx Vloq (Pan)
  Lom Lobon (Pan)
  the Serpent of Hell (Geh:7)
  Mnoleg (Pan)
  10 dread liches
  Dispater (Dis:7)
  14 ancient liches
  2 orbs of fire (Zot:5)
  Mara (Depths:3)
  Mennas (Pan)
  9 juggernauts
  8 royal mummies (Tomb:3)
  Sojobo (Depths:3)
  34 shard shrikes
  Saint Roka (Crypt:3)
  8 Killer Klowns
  3 curse toes
  25 caustic shrikes
  Geryon (Hell)
  26 golden dragons
  13 profane servitors
  14 bone dragons
  2 pearl dragons
  A Hellbinder (WizLab)
  the Enchantress (Depths:1)
  2 doom hounds
  16 Brimstone Fiends
  2 electric golems
  13 iron giants
  Rupert (D:15)
  15 Tzitzimimeh
  25 pandemonium lords
  A spectral shard shrike (Tar:5)
  23 tentacled monstrosities
  9 liches
  Asterion (Vaults:1)
  23 Hell Sentinels
  Jorgrun (D:15)
  16 hellephants
  21 titans
  2 deep elf blademasters (Elf:3)
  11 tainted leviathans
  17 Ice Fiends
  A walking divine tome (Depths:2)
  32 searing wretches
  2 deep elf master archers (Elf:3)
  18 Orb Guardians (Zot:5)
  7 death cobs
  3 quicksilver dragons
  Agnes (Elf:2)
  12 Executioners (Pan)
  48 acid blobs
  Frances (D:13)
  11 sphinxes
  An acid blob (shapeshifter) (Zig:27)
  12 storm dragons
  A tentacled starspawn (Abyss:3)
  7 tengu reavers
  Donald (Orc:2)
  35 ancient champions
  3 thorn hunters
  20 revenants
  12 shadow dragons
  3 fenstrider witches
  Kirke (D:13)
  6 draconian knights
  Roxanne (D:15)
  6 daevas
  20 azure jellies
  13 fire giants
  4 demonspawn warmongers (Pan)
  11 draconian monks
  22 narguns
  30 rockslimes
  12 deep elf sorcerers
  15 frost giants
  A fenstrider witch (shapeshifter) (Zig:4)
  17 nagarajas
  3 emperor scorpions (Zig:14)
  8 quicksilver elementals
  11 draconian scorchers
  8 curse skulls
  18 vault wardens
  34 balrugs
  10 iron dragons
  18 ghouls
  7 ghost moths
  11 reapers
  9 shard shrike simulacra
  6 deep elf elementalists (Elf:3)
  11 draconian shifters
  7 angels
  2 draconian stormcallers (Zig:15)
  9 orc warlords
  4 spriggan defenders
  13 quicksilver oozes
  23 cacodemons
  10 draconian annihilators
  2 spectral caustic shrikes
  3 demonspawn corrupters (Pan)
  7 demonspawn blood saints
  4 ironbound thunderhulks
  27 stone giants
  24 very ugly things
  15 ironbound preservers
  31 war gargoyles
  2 stone giants (shapeshifter) (Zig:27)
  A caustic shrike skeleton (Pan)
  29 elemental wellsprings
  5 green draconians
  7 eleionomae
  20 putrid mouths
  3 ophanim (Zig:11)
  9 demonspawn black suns
  34 vampire knights
  Nessos (D:13)
  3 eleionomae (shapeshifter) (Zig:27)
  29 wendigos
  8 black draconians
  7 deep elf demonologists
  11 red draconians
  4 apis
  9 deep elf annihilators
  7 lorocyprocas
  5 bunyips
  22 yellow draconians
  8 white draconians
  A bunyip (shapeshifter) (Zig:24)
  7 dire elephants
  2 minotaurs (shapeshifter) (Zig:27)
  18 purple draconians
  7 starcursed masses (Abyss:3)
  14 spark wasps
  16 ettins
  A quicksilver dragon zombie (Tomb:3)
  2 crystal guardians
  16 jiangshi
  12 blizzard demons (Pan)
  19 iron golems
  11 green deaths
  A kraken zombie (Hell)
  A spectral quicksilver dragon (Tar:4)
  11 eidola
  4 deep elf high priests
  Josephine (D:12)
  A spectral iron giant (Tar:4)
  14 mummy priests
  9 deep elf death magi
  4 entropy weavers
  2 merfolk javelineers (Zig:14)
  8 shambling mangroves
  Fannar (D:12)
  13 yaktaur captains
  17 fire dragons
  41 hydras
  14 great orbs of eyes
  A hydra (shapeshifter) (D:15)
  9 rakshasas
  2 spectral spriggans
  10 spriggan air magi
  A jorogumo (shapeshifter) (Vaults:3)
  15 ice dragons
  14 centaur warriors
  4 spriggan zombies
  A merfolk avatar (Lair:5)
  10 juggernaut simulacra
  3 peacekeepers
  20 salamander tyrants
  36 vault guards
  12 ironbound frosthearts
  5 ogre magi
  4 hell beasts
  10 alligators
  3 catoblepae
  A boulder beetle (shapeshifter) (Zig:24)
  3 merfolk aquamancers (Zig:14)
  2 death knights (Vaults:2)
  13 caustic shrike simulacra
  A spectral stone giant (Tar:4)
  5 ghost crabs
  An alligator snapping turtle (Zig:14)
  3 satyrs (shapeshifter)
  2 spriggan skeletons
  A two-headed ogre (shapeshifter) (Vaults:5)
  11 stokers
  6 boulder beetles
  A fenstrider witch skeleton (Crypt:1)
  9 anacondas
  3 tengu warriors
  16 two-headed ogres
  41 dancing weapons
  30 vampire magi
  2 titan zombies (Crypt:3)
  4 death yaks (IceCv)
  9 deep troll earth magi
  3 thrashing horrors (Abyss:3)
  A shock serpent (shapeshifter) (Vaults:3)
  20 naga warriors
  A spectral dire elephant (Tar:4)
  60 death scarabs
  8 deep troll shamans
  38 hell hogs
  6 holy swine (Pan)
  9 hell knights
  11 orc high priests
  15 naga sharpshooters
  41 sun demons
  14 spriggan berserkers
  15 iron trolls
  21 deep elf knights
  13 shock serpents
  15 crystal echidnas
  2 pharaoh ants
  16 soul eaters
  A storm dragon zombie (Crypt:3)
  A wretched star (Abyss:3)
  Nergalle (D:11)
  A fire crab (shapeshifter) (D:14)
  3 salamander mystics
  Sonja (D:13)
  Amaemon (D:10)
  26 sixfirhies
  A skyshark (Lair:5)
  3 fire crabs
  31 deep trolls
  5 shadow demons
  12 skeletal warriors
  35 large abominations
  8 goliath frogs
  12 sea snakes
  24 shadow wraiths
  8 glowing orange brains
  A deep troll (shapeshifter) (Zig:27)
  16 bog bodies
  2 spectral anacondas
  4 quicksilver dragon simulacra
  A golden dragon skeleton (Tomb:3)
  10 death drakes
  9 wizards
  13 flayed ghosts
  5 cherubim
  2 glowing orange brains (shapeshifter)
  11 spriggan druids
  3 orange crystal statues
  5 naga ritualists
  2 obsidian statues (Zig:7)
  16 phantasmal warriors
  16 ironbound convokers
  6 harpies
  2 steelbarb worms (Zig:3)
  An orb spider (shapeshifter) (Zig:24)
  16 deep elf archers
  An anaconda skeleton (Hell)
  10 necromancers
  A steelbarb worm (shapeshifter) (Vaults:3)
  8 orc knights
  9 spriggan simulacra
  4 lindwurms (Vaults:1)
  A shadow dragon zombie (Vaults:5)
  23 swamp dragons
  A lindwurm (shapeshifter) (Vaults:3)
  43 deep elf pyromancers
  26 deep elf zephyrmancers
  2 mana vipers
  A fire giant zombie (Vaults:3)
  15 cyclopes
  10 orc sorcerers
  4 oklob plants (Zot:2)
  5 manticores
  17 salamanders
  39 ugly things
  A cyclops (shapeshifter) (Zig:27)
  2 wolf spiders
  12 shining eyes
  A moth of wrath (shapeshifter) (Vaults:5)
  23 moths of wrath
  11 will-o-the-wisps
  18 elephants
  A worldbinder (Abyss:3)
  A dire elephant zombie (Crypt:1)
  An elephant (shapeshifter) (Vaults:5)
  3 centaur zombies
  30 naga magi
  7 guardian serpents
  An iron dragon skeleton (Pan)
  17 vault sentinels
  2 guardian serpents (shapeshifter)
  31 black mambas
  9 ice statues
  8 titan simulacra
  4 demonic crawlers
  Maggie (Lair:1)
  A water nymph (shapeshifter) (Zig:24)
  5 apocalypse crabs
  12 rust devils
  A water nymph (Zig:14)
  19 cane toads
  An orc zombie (Crypt:3)
  A gargoyle (D:13)
  An eye of devastation (shapeshifter) (Vaults:5)
  An eleionoma skeleton (Crypt:1)
  An elephant slug zombie (Crypt:3)
  3 torpor snails
  9 eyes of devastation
  24 smoke demons
  24 orange demons
  2 centaur skeletons
  2 naga zombies
  6 unseen horrors
  4 molten gargoyles (Hell)
  A death yak zombie (Crypt:3)
  24 hellions
  2 sea snake zombies (Hell)
  14 komodo dragons
  A grey draconian zombie (Crypt:3)
  An orb spider zombie (Crypt:2)
  A sea snake skeleton (Hell)
  A komodo dragon (shapeshifter) (D:13)
  2 bunyip simulacra
  4 kobold demonologists
  12 rime drakes
  3 efreet
  27 yaktaurs
  7 tengu conjurers
  34 guardian mummies
  11 ice devils
  24 tormentors
  5 freezing wraiths
  2 spectral nagas
  9 anaconda simulacra
  2 harpy zombies
  8 red devils
  A yaktaur skeleton (Vaults:3)
  2 golden dragon simulacra
  4 iron giant simulacra
  A queen bee (Lair:3)
  An ancient zyme (Abyss:3)
  2 wind drakes
  12 hellwings
  5 bloated husks
  2 silent spectres
  18 polar bears
  A queen bee (shapeshifter) (D:15)
  A spectral harpy (Tar:4)
  7 tyrant leeches
  17 trolls
  A tyrant leech (shapeshifter) (Zig:27)
  A tengu simulacrum (Vaults:5)
  32 hornets
  5 harpy skeletons
  A radroach zombie (Crypt:3)
  A raiju (shapeshifter) (Zig:27)
  7 dream sheep (Lair:5)
  A tarantella zombie (Crypt:1)
  2 ettin zombies
  3 stone giant simulacra
  2 alligator zombies (Hell)
  An iron dragon simulacrum (Coc:5)
  A dream sheep (shapeshifter) (D:14)
  A hydra skeleton (Hell)
  117 slime creatures
  11 blink frogs
  A jumping spider (shapeshifter) (Zig:27)
  A snapping turtle (Lair:5)
  A slime creature (shapeshifter) (Vaults:3)
  An ettin skeleton (Zig:2)
  18 flying skulls
  A shadow (D:13)
  2 jumping spiders
  2 alligator skeletons
  A deep troll skeleton (Vaults:3)
  19 spriggans
  A culicivora (shapeshifter) (D:15)
  A meliai zombie (Crypt:1)
  2 ushabtiu
  7 air elementals
  4 ynoxinuls
  6 basilisks
  A spriggan (shapeshifter) (Zig:27)
  57 yaks
  18 vampires
  A yak (shapeshifter) (Zig:27)
  2 wyverns
  5 dire elephant simulacra
  9 naga simulacra
  A hog (D:13)
  7 water elementals
  9 wraiths
  4 fire elementals
  19 humans (D:13)
  13 golden eyes
  17 neqoxecs
  2 redbacks
  14 chaos spawn
  A sea snake simulacrum (Hell)
  9 vampire mosquitoes
  2 alligator snapping turtle simulacra
  Menkaure (D:7)
  7 wargs
  40 nagas
  7 acid dragons
  15 harpy simulacra
  15 swamp worms
  2 hydra simulacra
  A deep troll zombie (Crypt:3)
  A faun zombie (Crypt:2)
  15 water moccasins
  A glowing shapeshifter skeleton (Crypt:2)
  4 hell hounds (Hell)
  Pargi (Sewer)
  9 floating eyes
  A merfolk skeleton (Crypt:2)
  Duvessa (D:6)
  10 swamp drakes
  A black bear (shapeshifter) (Zig:27)
  A floating eye (shapeshifter) (Zig:27)
  57 orc warriors
  4 ettin simulacra
  2 sky beasts
  4 ice beasts
  A boggart (Depths:3)
  18 ogres
  23 wolves
  12 centaurs
  An elephant skeleton (Crypt:3)
  A manticore skeleton (Crypt:1)
  A human zombie (Vaults:3)
  2 kobold brigands
  14 bullfrogs
  2 scorpions (shapeshifter) (Vaults:5)
  5 necrophages
  2 gnoll sergeants
  A salamander skeleton (Crypt:2)
  A glowing shapeshifter simulacrum (Vaults:5)
  A scorpion (D:4)
  6 earth elementals
  7 wights
  Dowan (D:6)
  34 killer bees
  12 howler monkeys
  9 electric eels
  A crimson imp (Pan)
  3 small abominations (Depths:1)
  An iron imp (D:4)
  22 orc priests
  3 hounds
  19 jellies
  2 gnoll boudas
  A black bear zombie (Crypt:1)
  An iguana (D:6)
  18 hell rats (Hell)
  A sleepcap (D:7)
  29 orc wizards
  3 polar bear simulacra (D:11)
  3 yak simulacra (D:11)
  2 wolf simulacra (D:11)
  2 deep dwarf skeletons
  16 mummies
  31 gnolls
  9 adders
  A shadow imp (Tar:7)
  2 adder skeletons
  2 worms
  2 dart slugs
  87 orcs
  14 endoplasms
  2 giant cockroaches
  A gnoll zombie (Crypt:1)
  4 goblins
  9 hobgoblins
  15 jackals (D:5)
  5 quokkas
  11 ball pythons
  5 bats
  6 frilled lizards
  A frilled lizard (shapeshifter) (D:14)
  A frilled lizard skeleton (Crypt:3)
  A frilled lizard zombie (Crypt:3)
  17 kobolds
  A quokka zombie (Crypt:2)
  13 rats
  3 river rat simulacra (D:11)
  8 ball lightnings (Zig:27)
  5 creeping infernos
  29 fire vortices
  A lurking horror (Swamp:2)
  2 tentacles (Hell)
4555 creatures vanquished.

Vanquished Creatures (others)
  An eldritch tentacle (Pan)
  A green death (Pan)
  A caustic shrike simulacrum (Coc:7)
  A death drake (Zig:17)
  A cyclops (D:13)
  A gargoyle (Zig:6)
  A bloated husk (Zig:17)
  A slime creature (Zig:23)
  A stone giant simulacrum (Coc:2)
  3 humans (D:13)
  A chaos spawn (Zig:27)
  A harpy simulacrum (Coc:4)
  A centaur (D:13)
  An orc (Elf:1)
  6 ball lightnings
  A fire vortex (Zot:5)
  28 foxfires
  A lurking horror (Abyss:3)
  2 starspawn tentacles (Abyss:3)
  3 tentacles (Hell)
57 creatures vanquished.

Grand Total: 4612 creatures vanquished

Notes
Turn   | Place    | Note
-------+----------+-------------------------------------------
     0 | D:1      | glosham the Demonspawn Hexslinger began the quest for the
                  | Orb.
     0 | D:1      | Reached XP level 1. HP: 15/15 MP: 2/2
    79 | D:1      | Reached skill level 2 in Spellcasting
    79 | D:1      | Gained mutation: You regenerate a little health from kills.
                  | [demonic ancestry]
    79 | D:1      | Reached XP level 2. HP: 18/21 MP: 5/5
   122 | D:2      | Found Onil's Weapon Boutique.
   721 | D:2      | Reached XP level 3. HP: 26/26 MP: 7/7
   725 | D:2      | Learned a level 3 spell: Inner Flame
   729 | D:2      | Learned a level 3 spell: Portal Projectile
   866 | D:2      | Reached skill level 3 in Spellcasting
  1389 | D:3      | Gained mutation: You have a small tail. [demonic ancestry]
  1389 | D:3      | Reached XP level 4. HP: 32/32 MP: 9/9
  1653 | D:4      | Reached skill level 4 in Spellcasting
  1741 | D:4      | Found a snail-covered altar of Cheibriados.
  1750 | D:4      | Reached XP level 5. HP: 28/37 MP: 11/11
  1756 | D:4      | Became a worshipper of Cheibriados the Contemplative
  1951 | D:4      | Identified the +10 chain mail of Plasticity {rF+}
  1956 | D:4      | Reached skill level 5 in Spellcasting
  2015 | D:4      | Reached XP level 6. HP: 44/46 MP: 13/13
  2064 | D:4      | Reached * piety under Cheibriados
  2075 | D:4      | Found a glowing drain.
  2087 | D:4      | Reached skill level 3 in Fighting
  2093 | Sewer    | Entered a sewer
  2175 | Sewer    | Noticed Pargi
  2189 | Sewer    | Killed Pargi
  2337 | D:4      | Found a staircase to the Ecumenical Temple.
  2467 | D:4      | HP: 1/48 [orc priest/divine providence (20)]
  2471 | D:4      | Gained mutation: You have a tail ending in a sharp stinger.
                  | [demonic ancestry]
  2471 | D:4      | Reached XP level 7. HP: 12/54 MP: 15/15
  2572 | D:5      | Entered Level 5 of the Dungeon
  2621 | D:5      | Reached ** piety under Cheibriados
  2631 | D:5      | Reached skill level 6 in Spellcasting
  3262 | D:5      | Found Gef Xahi's Tiny Tomes.
  3266 | D:5      | Bought the Spellbook of Breccia for 132 gold pieces
  3272 | D:5      | Learned a level 5 spell: Lee's Rapid Deconstruction
  3560 | D:5      | Reached skill level 1 in Earth Magic
  3673 | D:5      | Reached *** piety under Cheibriados
  3733 | D:5      | Reached skill level 3 in Earth Magic
  3844 | D:5      | Gained mutation: You have an unusually large brain. (Int
                  | +2) [demonic ancestry]
  3844 | D:5      | Reached XP level 8. HP: 60/60 MP: 17/17
  3882 | D:5      | Learned a level 2 spell: Sublimation of Blood
  4071 | D:5      | Bought the Handbook of Vicissitude and the Syncline for 66
                  | gold pieces
  4074 | D:5      | Learned a level 2 spell: Passwall
  4265 | D:6      | Found a basalt altar of Yredelemnul.
  4331 | D:6      | Noticed Duvessa
  4331 | D:6      | Noticed Dowan
  4339 | D:6      | Reached **** piety under Cheibriados
  4352 | D:6      | Killed Duvessa
  4363 | D:6      | Killed Dowan
  4585 | D:6      | Reached skill level 6 in Earth Magic
  4607 | D:7      | Noticed Menkaure
  4752 | D:7      | Gained mutation: You have an extremely huge brain. (Int +4)
                  | [demonic ancestry]
  4752 | D:7      | Reached XP level 9. HP: 31/65 MP: 18/18
  4886 | D:7      | Reached ***** piety under Cheibriados
  4913 | D:7      | Killed Menkaure
  5017 | D:7      | Learned a level 4 spell: Petrify
  5126 | D:5      | Bought the Volume of the Cwm for 88 gold pieces
  5126 | D:5      | Bought the Encyclopedia of Blasphemous Deeds for 132 gold
                  | pieces
  5174 | D:7      | Reached skill level 9 in Earth Magic
  5199 | D:8      | Reached skill level 1 in Armour
  5227 | D:8      | Reached skill level 7 in Spellcasting
  5307 | D:8      | Found an ancient bone altar of Kikubaaqudgha.
  5574 | D:9      | Noticed a troll
  5588 | D:9      | Killed a troll
  5589 | D:9      | Reached skill level 3 in Armour
  5623 | D:9      | Gained mutation: You regenerate health from kills. [demonic
                  | ancestry]
  5623 | D:9      | Reached XP level 10. HP: 56/71 MP: 21/21
  5646 | D:9      | Noticed a two-headed ogre
  5664 | D:9      | Killed a two-headed ogre
  5665 | D:9      | Reached skill level 8 in Spellcasting
  5836 | D:8      | Learned a level 5 spell: Borgnjor's Vile Clutch
  5843 | D:9      | Noticed a two-headed ogre
  5850 | D:9      | Killed a two-headed ogre
  6038 | D:10     | Entered Level 10 of the Dungeon
  6099 | D:10     | Reached ****** piety under Cheibriados
  6248 | D:10     | Noticed a two-headed ogre
  6252 | D:10     | Killed a two-headed ogre
  6253 | D:10     | Reached skill level 9 in Spellcasting
  6445 | D:10     | Noticed Amaemon
  6446 | D:10     | Upgraded the game from 0.30.0-30-g96aa6591b8 to 0.30.1
  6449 | D:10     | Noticed an orange demon
  6452 | D:10     | Killed Amaemon
  6453 | D:10     | Gained mutation: You have an absolutely massive brain. (Int
                  | +6, Wiz) [demonic ancestry]
  6453 | D:10     | Reached XP level 11. HP: 75/77 MP: 8/24
  6694 | D:10     | Found a staircase to the Lair.
  6734 | D:10     | Reached skill level 1 in Necromancy
  6822 | D:10     | Noticed a two-headed ogre
  6822 | D:10     | Killed a two-headed ogre
  6823 | D:10     | Reached skill level 3 in Necromancy
  6890 | D:10     | You fall into a shaft and drop 2 floors!
  6911 | D:11     | Noticed Nergalle
  6914 | D:11     | Killed Nergalle
  7052 | D:11     | Reached skill level 6 in Necromancy
  7142 | D:11     | Found a staircase to the Orcish Mines.
  7395 | D:11     | Noticed a necromancer
  7395 | D:11     | Killed a necromancer
  7414 | D:11     | Reached skill level 9 in Necromancy
  7625 | D:12     | Noticed a five-headed hydra
  7629 | D:12     | Killed a five-headed hydra
  7635 | D:12     | Gained mutation: You sometimes gain a little power by
                  | taking damage. [demonic ancestry]
  7635 | D:12     | Reached XP level 12. HP: 64/83 MP: 24/25
  7693 | D:12     | Noticed Josephine
  7696 | D:12     | Reached skill level 10 in Spellcasting
  7699 | D:12     | Killed Josephine
  7758 | D:12     | Noticed Fannar
  7762 | D:12     | Killed Fannar
  7781 | D:12     | Learned a level 6 spell: Iron Shot
  7783 | D:12     | Identified the +2 trident of Ocyeq {protect, Int+3}
  7796 | D:12     | Noticed a two-headed ogre
  7798 | D:12     | Killed a two-headed ogre
  7799 | D:12     | Reached skill level 12 in Earth Magic
  7930 | D:13     | Noticed a four-headed hydra
  7933 | D:13     | Killed a four-headed hydra
  7934 | D:13     | Reached skill level 1 in Conjurations
  8053 | D:13     | Noticed Nessos
  8057 | D:13     | Noticed a two-headed ogre
  8071 | D:13     | Killed Nessos
  8072 | D:13     | Reached skill level 11 in Spellcasting
  8072 | D:13     | Killed a two-headed ogre
  8076 | D:13     | Noticed a boulder beetle
  8095 | D:13     | Killed a boulder beetle
  8135 | D:13     | Noticed Kirke
  8139 | D:13     | Killed Kirke
  8140 | D:13     | Reached skill level 3 in Conjurations
  8151 | D:13     | Noticed Sonja
  8162 | D:13     | Killed Sonja
  8200 | D:13     | Noticed a centaur warrior
  8267 | D:13     | Killed a centaur warrior
  8294 | D:13     | Noticed a two-headed ogre
  8294 | D:13     | Noticed a centaur warrior
  8297 | D:13     | Noticed a centaur warrior
  8299 | D:13     | Killed a centaur warrior
  8301 | D:13     | Killed a two-headed ogre
  8302 | D:13     | Reached XP level 13. HP: 79/88 MP: 19/28
  8331 | D:13     | Reached skill level 12 in Spellcasting
  8408 | D:13     | Found a gate to the Vaults.
  8441 | D:13     | Found Wofrut's Jewellery Shoppe.
  8455 | D:13     | Noticed Frances
  8616 | D:13     | Learned a level 3 spell: Vhi's Electric Charge
  8722 | D:13     | Killed Frances
  9101 | D:14     | Reached skill level 13 in Spellcasting
  9101 | D:14     | Reached skill level 6 in Conjurations
  9130 | D:14     | Gained mutation: You have a sharp stinger which inflicts
                  | weakening toxins. [demonic ancestry]
  9130 | D:14     | Reached XP level 14. HP: 32/95 MP: 13/31
  9398 | D:14     | Identified the +0 scale mail "Famyicke" {Will+}
  9423 | D:14     | Identified the +4 dagger of the Warrior {speed, rN+}
  9459 | D:14     | Identified the +0 broad axe of the Secret Shrikes {protect,
                  | Fly rPois rF+ Str+4}
  9540 | D:14     | Learned a level 3 spell: Vampiric Draining
  9604 | D:15     | Entered Level 15 of the Dungeon
  9611 | D:15     | Reached skill level 15 in Earth Magic
  9621 | D:15     | Reached skill level 14 in Spellcasting
  9643 | D:15     | Noticed Rupert
  9656 | D:15     | Killed Rupert
  9791 | D:15     | Found a blossoming altar of Fedhas.
  9832 | D:15     | Noticed Jorgrun
  9837 | D:15     | Killed Jorgrun
  9925 | D:15     | Found a staircase to the Depths.
  9936 | D:15     | Noticed Roxanne
  9940 | D:15     | Killed Roxanne
  9962 | D:15     | Found Gacosuh's Distillery.
 10158 | Lair:1   | Entered Level 1 of the Lair of Beasts
 10329 | Lair:1   | Noticed Maggie
 10331 | Lair:1   | Killed Maggie
 10774 | Lair:2   | Reached skill level 15 in Spellcasting
 10778 | Lair:2   | Reached XP level 15. HP: 97/100 MP: 14/34
 10785 | Lair:2   | Found a staircase to the Snake Pit.
 10914 | Lair:2   | Found a staircase to the Swamp.
 11638 | Lair:4   | Found a viscous altar of Jiyva.
 11639 | Lair:4   | Found a staircase to the Slime Pits.
 12138 | Lair:5   | Entered Level 5 of the Lair of Beasts
 12346 | Lair:5   | Reached skill level 16 in Spellcasting
 12521 | Lair:5   | Found a frozen archway.
 12530 | IceCv    | Entered an ice cave
 12829 | IceCv    | Reached XP level 16. HP: 106/106 MP: 27/36
 13464 | Orc:1    | Entered Level 1 of the Orcish Mines
 13709 | Orc:2    | Entered Level 2 of the Orcish Mines
 13777 | Orc:2    | Found Ytivir's Book Shop.
 13912 | Orc:2    | Reached skill level 17 in Spellcasting
 13937 | Orc:2    | Found Sukan's Antique Weapon Shop.
 13965 | Orc:2    | Found a staircase to the Elven Halls.
 14022 | Orc:2    | Noticed Donald
 14029 | Orc:2    | Killed Donald
 14087 | Orc:2    | Found Vopaerch's General Store.
 14141 | Orc:2    | Found Etuhisaj's Antique Armour Shop.
 14474 | Snake:1  | Entered Level 1 of the Snake Pit
 14476 | Snake:1  | Reached skill level 18 in Earth Magic
 14672 | Snake:1  | Reached skill level 3 in Dodging
 14920 | Snake:1  | Reached skill level 1 in Invocations
 15072 | Snake:2  | Reached skill level 3 in Invocations
 15329 | Snake:2  | Reached skill level 6 in Dodging
 15787 | Snake:3  | Reached skill level 6 in Invocations
 15980 | Snake:3  | Found Mis Myr's Antique Weapon Shop.
 16080 | Snake:3  | Reached XP level 17. HP: 101/111 MP: 32/38
 16134 | Snake:3  | Found Isuodiz's General Store.
 16141 | Snake:3  | Bought 2 potions of cancellation for 272 gold pieces
 16141 | Snake:3  | Bought a potion of curing for 51 gold pieces
 16141 | Snake:3  | Bought a potion of mutation for 136 gold pieces
 16439 | Snake:4  | Entered Level 4 of the Snake Pit
 16560 | Snake:4  | Reached skill level 9 in Invocations
 17054 | Snake:4  | Reached skill level 9 in Dodging
 17146 | Snake:4  | Reached skill level 12 in Invocations
 17255 | Snake:4  | Got a serpentine rune of Zot
 17507 | Elf:1    | Entered Level 1 of the Elven Halls
 17731 | Abyss:3  | Found a corrupted altar of Lugonu.
 17731 | Abyss:3  | Cast into level 3 of the Abyss (a deep elf demonologist)
 17753 | Abyss:3  | Reached XP level 18. HP: 118/118 MP: 36/39
 17796 | Abyss:3  | Got an abyssal rune of Zot
 17883 | Elf:1    | Escaped the Abyss
 17900 | Elf:1    | Found a runed translucent gate.
 17900 | Elf:1    | Found a runed translucent gate.
 17900 | Elf:1    | Found a runed translucent gate.
 17900 | Elf:1    | Found a runed translucent gate.
 17900 | Elf:1    | Found a runed translucent gate.
 17906 | Elf:1    | Found a runed translucent gate.
 18098 | Elf:1    | Found Piliz's Assorted Antiques.
 18511 | Elf:2    | Reached skill level 12 in Dodging
 18635 | Elf:2    | Noticed Agnes
 18638 | Elf:2    | Killed Agnes
 18697 | Elf:2    | Reached skill level 6 in Fighting
 18836 | Elf:2    | Found Jycuusto's Assorted Antiques.
 18856 | Elf:2    | Bought a coral ring for 110 gold pieces
 18934 | Elf:2    | Found a runed translucent gate.
 18936 | Elf:2    | Found a runed translucent gate.
 18937 | Elf:2    | Found a runed translucent gate.
 19216 | Elf:3    | Entered Level 3 of the Elven Halls
 19249 | Elf:3    | Reached XP level 19. HP: 110/131 MP: 40/40
 19352 | Elf:3    | Found Ceukaw's Book Boutique.
 19354 | Elf:3    | Found Soulaq's Jewellery Shoppe.
 19355 | Elf:3    | Found Isux's Book Boutique.
 19366 | Elf:3    | Bought the ring "Omurin Bute" {Contam rF+ Will+ Int+6
                  | Slay+3} for 1001 gold pieces
 19374 | Elf:3    | Bought an Inescapable Atlas for 480 gold pieces
 19377 | Elf:3    | Learned a level 2 spell: Blink
 19780 | Elf:3    | Paralysed by an air elemental for 1 turns
 19908 | Elf:3    | Identified the +2 sling of Trauma {speed, Drain rF++ rC+}
 19955 | Elf:3    | Found the +0 mask of the Dragon {Will+ Slay+3 SInv}
 19981 | Elf:3    | Identified the +2 longbow "Zuits" {heavy, Int+3 Stlth+}
 20098 | Elf:3    | Bought a book of Cantrips for 180 gold pieces
 20100 | Elf:3    | Learned a level 1 spell: Apportation
 20280 | Swamp:1  | Entered Level 1 of the Swamp
 20762 | Swamp:2  | Learned a level 5 spell: Fireball
 20810 | Swamp:2  | Found a one-way gate to the infinite horrors of the Abyss.
 20816 | Swamp:2  | Found a corrupted altar of Lugonu.
 20911 | Swamp:3  | Reached skill level 21 in Earth Magic
 21216 | Swamp:4  | Entered Level 4 of the Swamp
 21423 | Swamp:4  | Gained mutation: Your hexes are more powerful. [demonic
                  | ancestry]
 21423 | Swamp:4  | Reached XP level 20. HP: 135/137 MP: 33/41
 21601 | Swamp:4  | Got a decaying rune of Zot
 21837 | Vaults:1 | Entered Level 1 of the Vaults
 22196 | Vaults:1 | Noticed Asterion
 22206 | Vaults:1 | Killed Asterion
 22618 | Vaults:2 | Found a staircase to the Crypt.
 22667 | Vaults:2 | Found a magical portal.
 22789 | WizLab   | Entered The Hall of the Hellbinder
 22983 | WizLab   | Found a burning altar of Makhleb.
 22983 | WizLab   | Noticed Feiph
 22988 | WizLab   | Killed Feiph the Hellbinder
 23013 | WizLab   | Identified the ring "Losuabic" {rC+ rN+ rCorr Stlth-}
 23032 | WizLab   | Got the Folio of Leadership
 23380 | Vaults:2 | Identified the +1 robe "Ylemu" {*Slow rN++ Int+10 Dex-5}
 23714 | Vaults:3 | Reached skill level 24 in Earth Magic
 23883 | Vaults:3 | Gained mutation: Your melee attacks may debilitate your
                  | foes. [demonic ancestry]
 23883 | Vaults:3 | Reached XP level 21. HP: 143/143 MP: 42/42
 24009 | Vaults:3 | Found Xoochim's Antique Armour Boutique.
 24024 | Vaults:3 | Bought a pair of glowing boots for 202 gold pieces
 24039 | Vaults:3 | Found Fygealal's Jewellery Boutique.
 24191 | Vaults:3 | Found Nenu Lea's Assorted Antiques.
 24196 | Vaults:3 | Found Akki's General Store.
 24371 | Vaults:4 | Found a transporter.
 24371 | Vaults:4 | Found Ucidir's Book Shop.
 24390 | Vaults:4 | Found a transporter.
 24692 | Vaults:4 | Found Aveunusm's Antique Weapon Emporium.
 24727 | Vaults:4 | Identified the +2 robe of the Game of Kings {Harm Str+5}
 24790 | Vaults:4 | Found Jypnig's Jewellery Emporium.
 24797 | Vaults:4 | Bought the amulet "Likhlarph" {RegenMP Dex+3} for 736 gold
                  | pieces
 25020 | Vaults:4 | Found Anlezeoh's General Store.
 25160 | Vaults:5 | Entered Level 5 of the Vaults
 25215 | Vaults:5 | Identified a scroll of acquirement
 25284 | Vaults:5 | Gained mutation: You regenerate a lot of health from kills.
                  | [demonic ancestry]
 25284 | Vaults:5 | Reached XP level 22. HP: 105/148 MP: 19/43
 25428 | Vaults:5 | Acquired the ring "Owaz" {Will+ Int+4}
 25491 | Vaults:5 | Acquired 893 gold pieces
 25575 | Vaults:5 | Identified the +1 scale mail "Qerph" {+Inv rCorr Str+3
                  | Int-5}
 25638 | Vaults:5 | Noticed a dread lich
 25641 | Vaults:5 | Killed a dread lich
 25642 | Vaults:5 | Reached skill level 18 in Spellcasting
 25683 | Vaults:5 | Got a silver rune of Zot
 25689 | Vaults:5 | Noticed an ancient lich
 25694 | Vaults:5 | Killed an ancient lich
 25703 | Vaults:5 | Identified the +1 flail of the Reaper {venom, rF+ Dex+3}
 25883 | Vaults:5 | Identified the amulet of Joomumpi {Acrobat Int-5 Dex+6}
 25941 | Vaults:5 | Identified the staff of poison "Bedij" {Fly rPois}
 26104 | Crypt:1  | Entered Level 1 of the Crypt
 26138 | Crypt:1  | Reached skill level 19 in Spellcasting
 26418 | Crypt:1  | Identified the +6 chain mail of Abstinence {rPois rN+
                  | Dex-5}
 26909 | Crypt:2  | Reached skill level 20 in Spellcasting
 26988 | Crypt:3  | Entered Level 3 of the Crypt
 27009 | Crypt:3  | Noticed Saint Roka
 27029 | Crypt:3  | Killed Saint Roka
 27030 | Crypt:3  | Gained mutation: You sometimes gain power by taking damage.
                  | [demonic ancestry]
 27030 | Crypt:3  | Reached XP level 23. HP: 125/159 MP: 9/47
 27054 | Crypt:3  | Found a staircase to the Tomb.
 27252 | Crypt:2  | Found an ancient bone altar of Kikubaaqudgha.
 27408 | Crypt:3  | Reached skill level 21 in Spellcasting
 27697 | Crypt:3  | Got the Directory of Deathly Fog
 27750 | Crypt:3  | Identified the ring of the Hero {rElec rF+++ rN+ Str-4
                  | Slay-3}
 27851 | Crypt:3  | Identified the ring "Qekaes" {rPois Dex+3}
 27852 | Crypt:3  | Identified the +3 leather armour "Qiqagoer" {Str+4 Dex-5}
 27867 | Crypt:3  | Got Roxanne's Parchment of Xenomorphic Geomancy
 27877 | Crypt:3  | Learned a level 8 spell: Lehudib's Crystal Spear
 27877 | Crypt:3  | Found the +9 sword of Zonguldrok {reap}
 27886 | Crypt:3  | Identified the amulet "Askibedi" {Fly rElec rC- Regen+
                  | Dex+8}
 27887 | Crypt:3  | Identified the +1 pair of gloves "Finum" {+Inv rF+}
 27963 | Tomb:1   | Entered Level 1 of the Tomb of the Ancients
 28183 | Vaults:3 | Bought a pitted ring mail for 243 gold pieces
 28183 | Vaults:3 | Identified the +1 ring mail "Nanger" {Harm Str-3 SInv} (You
                  | bought it in a shop on level 3 of the Vaults)
 28257 | Vaults:3 | Bought a potion of curing for 96 gold pieces
 28257 | Vaults:3 | Bought a wand of digging (4) for 537 gold pieces
 28264 | Vaults:3 | Bought 2 potions of curing for 96 gold pieces
 28389 | Vaults:4 | Bought a scroll of fear for 68 gold pieces
 28389 | Vaults:4 | Bought a scroll of enchant weapon for 127 gold pieces
 28389 | Vaults:4 | Bought a potion of curing for 51 gold pieces
 28638 | Orc:2    | Bought a potion of curing for 45 gold pieces
 28638 | Orc:2    | Bought a scroll of blinking for 112 gold pieces
 28639 | Orc:2    | Bought the staff of death "Xuitsoma" {rN+ Str+3 Dex+3} for
                  | 375 gold pieces
 28669 | Orc:2    | Bought an embroidered robe for 118 gold pieces
 28725 | Elf:1    | Bought a scroll of teleportation for 93 gold pieces
 28725 | Elf:1    | Bought a scroll of teleportation for 93 gold pieces
 28786 | Elf:3    | Bought a book of the Moon for 680 gold pieces
 28791 | Elf:3    | Learned a level 4 spell: Passage of Golubria
 28841 | Elf:2    | Bought a scroll of blinking for 165 gold pieces
 28992 | D:15     | Bought a potion of attraction for 51 gold pieces
 28992 | D:15     | Bought a potion of curing for 51 gold pieces
 29025 | Depths:1 | Entered Level 1 of the Depths
 29027 | Depths:1 | Reached skill level 1 in Translocations
 29059 | Depths:1 | Reached skill level 3 in Translocations
 29109 | Depths:1 | Noticed the Enchantress
 29114 | Depths:1 | Killed the Enchantress
 29274 | Depths:1 | Found a gateway to Hell.
 29377 | Depths:1 | Reached skill level 22 in Spellcasting
 29452 | Depths:1 | Reached skill level 1 in Ice Magic
 29536 | Depths:1 | Found a bloodstained altar of Trog.
 29599 | Depths:1 | Learned a level 7 spell: Ozocubu's Refrigeration
 29613 | Depths:2 | Reached skill level 3 in Ice Magic
 29648 | Depths:2 | Found a transporter.
 29833 | Depths:2 | Found a one-way gateway to a ziggurat.
 29949 | Depths:2 | Found a one-way gate leading to the halls of Pandemonium.
 30084 | Depths:2 | Reached skill level 6 in Ice Magic
 30202 | Depths:2 | Reached XP level 24. HP: 131/167 MP: 2/49
 30207 | Depths:2 | Identified the +8 scimitar of Amorality {flame, rCorr
                  | Dex+6}
 30296 | Depths:2 | Identified the ring of the Lotus Blossom {rC+ rN+ Will+
                  | Str+3}
 30329 | Depths:3 | Reached skill level 9 in Ice Magic
 30436 | Depths:3 | Noticed Mara
 30438 | Depths:3 | Noticed glosham's illusion
 30439 | Depths:3 | Killed Mara
 30500 | Depths:3 | Found a broken altar of Ashenzari.
 30525 | Depths:3 | Noticed Sojobo
 30528 | Depths:3 | Killed Sojobo
 30788 | Depths:3 | Found a runed translucent door.
 30820 | Depths:3 | Found a runed translucent door.
 30853 | Depths:3 | Reached skill level 12 in Ice Magic
 30879 | Depths:3 | Identified the +0 robe of Terrible Lucidity {Harm Str+3
                  | Dex-2 SInv}
 30918 | Depths:3 | Learned a level 9 spell: Polar Vortex
 30920 | Depths:4 | Entered Level 4 of the Depths
 31227 | Depths:4 | Identified the +1 robe "Juileodoax" {Str+3}
 31435 | Depths:4 | Gained mutation: You are powered by pain. [demonic
                  | ancestry]
 31435 | Depths:4 | Reached XP level 25. HP: 136/173 MP: 43/49
 31494 | Depths:4 | Found a gate to the Realm of Zot.
 31499 | Zot:1    | Entered Level 1 of the Realm of Zot
 31508 | Zot:1    | Reached skill level 15 in Ice Magic
 32285 | Zot:2    | Identified the ring of Humeen {rF+ rN+ Int+2}
 32342 | Zot:2    | Reached skill level 18 in Ice Magic
 32462 | Zot:2    | Identified the +6 hand axe "Grum" {drain, *Noise rF+
                  | Stlth+}
 33043 | Zot:3    | Found a transporter.
 33043 | Zot:3    | Found the +3 pair of mountain boots {steadfast, rC+}
 33137 | Zot:3    | Found a transporter.
 33163 | Zot:3    | Gained mutation: You are surrounded by an aura of silence.
                  | [demonic ancestry]
 33163 | Zot:3    | Reached XP level 26. HP: 176/179 MP: 24/49
 33501 | Zot:4    | Identified the staff of death "Noptaen" {rN+ Will- MP+9
                  | Stlth+}
 33618 | Zot:4    | Reached skill level 23 in Spellcasting
 34133 | Zot:2    | Noticed Vv
 34344 | Slime:1  | Entered Level 1 of the Pits of Slime
 34354 | Slime:1  | You fall into a shaft and drop 1 floor!
 34356 | Slime:2  | Noticed Dissolution
 34361 | Slime:2  | Killed Dissolution
 34409 | Slime:5  | Entered Level 5 of the Pits of Slime
 34603 | Slime:5  | Found a viscous altar of Jiyva.
 34605 | Slime:5  | Found the +8 demon trident "Rift" {distort, reach+}
 34649 | Slime:5  | Noticed the Royal Jelly
 34655 | Slime:5  | Killed the Royal Jelly
 34656 | Slime:5  | Reached skill level 24 in Spellcasting
 34681 | Slime:5  | Identified the +5 shortbow "Z" {heavy, rN+ Str+2 Stlth+}
 34692 | Slime:5  | Identified the amulet "Fubu" {RegenMP Harm rPois Int+2
                  | Dex+4}
 34707 | Slime:5  | Identified the +1 plate armour of Alobly {rN+}
 34726 | Slime:5  | Got a slimy rune of Zot
 34756 | Slime:5  | Learned a level 8 spell: Necromutation
 34790 | Slime:1  | Reached skill level 1 in Transmutations
 34978 | Hell     | Entered the Vestibule of Hell
 34978 | Hell     | Noticed Geryon
 34985 | Hell     | Killed Geryon
 34997 | Depths:1 | Gained mutation: Your spells are a little easier to cast,
                  | but a little less powerful. [mutagenic glow]
 35029 | Hell     | Reached skill level 3 in Transmutations
 35069 | Hell     | Found a gateway to the freezing wastes of Cocytus.
 35121 | Hell     | Found a gateway to the decaying netherworld of Tartarus.
 35193 | Hell     | Found a gateway to the Iron City of Dis.
 35245 | Hell     | Found a gateway to the ashen valley of Gehenna.
 35288 | Geh:1    | Entered Level 1 of Gehenna
 35324 | Geh:1    | Reached skill level 12 in Necromancy
 35413 | Geh:1    | Noticed a dread lich
 35413 | Geh:1    | Noticed an ancient lich
 35413 | Geh:1    | Noticed an ancient lich
 35413 | Geh:1    | Noticed a dread lich
 35413 | Geh:1    | Noticed an ancient lich
 35416 | Geh:1    | Killed a dread lich
 35418 | Geh:1    | Noticed a dread lich
 35421 | Geh:1    | Killed an ancient lich
 35421 | Geh:1    | Killed an ancient lich
 35421 | Geh:1    | Killed an ancient lich
 35422 | Geh:1    | Reached skill level 6 in Transmutations
 35426 | Geh:1    | Killed a dread lich
 35427 | Geh:1    | Killed a dread lich
 35474 | Geh:3    | Reached XP level 27. HP: 160/178 MP: 24/51
 35690 | Geh:7    | Entered Level 7 of Gehenna
 35968 | Geh:7    | Reached skill level 25 in Spellcasting
 36045 | Geh:7    | Noticed the Serpent of Hell
 36055 | Geh:7    | Killed the Serpent of Hell
 36204 | Geh:7    | Reached skill level 15 in Necromancy
 36327 | Geh:7    | Identified the +1 ring mail of Dramatic Exits {rF+ rN+
                  | Will- Int+4}
 36347 | Geh:7    | Found the +13 sceptre of Asmodeus
 36347 | Geh:7    | Noticed Asmodeus
 36354 | Geh:7    | Killed Asmodeus
 36359 | Geh:7    | Got an obsidian rune of Zot
 36497 | Depths:1 | Lost mutation: Your spells are a little easier to cast, but
                  | a little less powerful. [potion of mutation]
 36497 | Depths:1 | Gained mutation: Armour fits poorly on your strangely
                  | shaped body. [potion of mutation]
 36497 | Depths:1 | Gained mutation: Potions are less effective at restoring
                  | your health. [potion of mutation]
 36498 | Depths:1 | Lost mutation: Potions are less effective at restoring your
                  | health. [potion of mutation]
 36498 | Depths:1 | Lost mutation: Armour fits poorly on your strangely shaped
                  | body. [potion of mutation]
 36498 | Depths:1 | Gained mutation: You have large cloven feet. [potion of
                  | mutation]
 36498 | Depths:1 | Gained mutation: You are somewhat resistant to further
                  | mutation. [potion of mutation]
 36518 | Depths:1 | You fall into a shaft and drop 1 floor!
 36553 | Pan      | Entered Pandemonium
 36569 | Pan      | Reached skill level 26 in Spellcasting
 36591 | Pan      | Gained mutation: Your spells are a little harder to cast,
                  | but a little more powerful. [a neqoxec]
 36623 | Pan      | Found an exit through the horrors of the Abyss.
 36632 | Pan      | Took an exit into the Abyss.
 36632 | Abyss:3  | Escaped into the Abyss
 36638 | Depths:2 | Escaped the Abyss
 36642 | Pan      | Entered Pandemonium
 36794 | Pan      | Found an exit through the horrors of the Abyss.
 36805 | Pan      | Took an exit into the Abyss.
 36805 | Abyss:3  | Escaped into the Abyss
 36815 | Depths:2 | Escaped the Abyss
 36826 | Depths:2 | Learned a level 9 spell: Death's Door
 36827 | Pan      | Entered Pandemonium
 36892 | Pan      | Identified the +6 eveningstar of Internal Strife {pain,
                  | +Blink MP+9 Dex-3}
 36894 | Pan      | Noticed Uptotaki the pandemonium lord
 36896 | Pan      | Killed Uptotaki the pandemonium lord
 36906 | Pan      | Entered the realm of Gloorx Vloq.
 36916 | Pan      | Noticed Gloorx Vloq
 36927 | Pan      | HP: 18/185 [??? (24)]
 36932 | Pan      | Killed Gloorx Vloq
 37017 | Pan      | Got a dark rune of Zot
 37133 | Pan      | Entered the realm of Mnoleg.
 37315 | Pan      | Reached skill level 27 in Spellcasting
 37494 | Pan      | Noticed Mnoleg
 37502 | Pan      | Killed Mnoleg
 37549 | Pan      | Got a glowing rune of Zot
 37576 | Pan      | Entered the realm of Lom Lobon.
 37620 | Pan      | Reached skill level 18 in Necromancy
 37711 | Pan      | Noticed Lom Lobon
 37724 | Pan      | Killed Lom Lobon
 37771 | Pan      | Got a magical rune of Zot
 37863 | Pan      | Reached skill level 9 in Fighting
 37903 | Pan      | Reached skill level 1 in Fire Magic
 37927 | Pan      | Reached skill level 3 in Fire Magic
 37927 | Pan      | Noticed Koro the pandemonium lord
 37932 | Pan      | Killed Koro the pandemonium lord
 37950 | Pan      | Got a demonic rune of Zot
 37983 | Pan      | Learned a level 8 spell: Ignition
 37991 | Pan      | Learned a level 6 spell: Plasma Beam
 38088 | Pan      | Reached skill level 6 in Fire Magic
 38101 | Pan      | Entered the realm of Cerebov.
 38110 | Pan      | Noticed Mennas
 38114 | Pan      | Killed Mennas
 38167 | Pan      | Identified the staff of fire "Ikhlics" {rF+ Dex+4}
 38170 | Pan      | Identified the amulet "Licem" {Reflect rC+ SH+5}
 38201 | Pan      | Identified the +1 trident of Upheaval {venom, rN+}
 38202 | Pan      | Identified the +3 chain mail "Fudduherph" {rC+ Will- Int+2}
 38208 | Pan      | Found the +6 sword of Cerebov {flame}
 38208 | Pan      | Noticed Cerebov
 38229 | Pan      | Killed Cerebov
 38230 | Pan      | Reached skill level 15 in Dodging
 38260 | Pan      | Identified the +1 scale mail of Shadows and Fog {rF+ Int-4
                  | Dex+4}
 38271 | Pan      | Identified the +3 flail "Xeff" {drain, +Blink rElec Str-5
                  | Stlth+}
 38272 | Pan      | Identified the +0 falchion of the Blind Eye {flame, Fly}
 38283 | Pan      | Identified the +5 dire flail of Beogh's Regard {venom,
                  | rElec Str+3 Dex-5}
 38284 | Pan      | Got a fiery rune of Zot
 38728 | Pan      | Found an exit through the horrors of the Abyss.
 38737 | Pan      | Took an exit into the Abyss.
 38737 | Abyss:3  | Escaped into the Abyss
 38740 | Abyss:3  | Found a corrupted altar of Lugonu.
 38742 | Depths:2 | Escaped the Abyss
 38804 | Coc:1    | Entered Level 1 of Cocytus
 38833 | Coc:2    | Reached skill level 9 in Fire Magic
 38982 | Coc:4    | Reached skill level 12 in Fire Magic
 39100 | Coc:6    | Reached skill level 18 in Dodging
 39181 | Coc:7    | Entered Level 7 of Cocytus
 39251 | Coc:7    | Reached skill level 12 in Fighting
 39269 | Coc:7    | Paralysed by a wendigo for 1 turns
 39519 | Coc:7    | Reached skill level 15 in Fighting
 39547 | Coc:7    | Identified the ring of Hanisita {+Blink rN+ AC+4}
 39547 | Coc:7    | Noticed Antaeus
 39557 | Coc:7    | Killed Antaeus
 39575 | Coc:7    | Identified the staff of conjuration "Ifogeap" {rCorr Str-2
                  | Dex+2}
 39580 | Coc:7    | Identified the +5 shortbow "Onlakl Zumm" {speed, rPois
                  | Stlth+}
 39581 | Coc:7    | Got an icy rune of Zot
 39669 | Coc:7    | Found the +1 robe of Vines {NoPotionHeal Regen++++}
 39684 | Coc:7    | Identified the +1 hat of Lulymm {+Blink Str+3 Int+2}
 39759 | Zig:1    | Entered Level 1 of a ziggurat
 39770 | Zig:2    | Entered Level 2 of a ziggurat
 39781 | Zig:3    | Entered Level 3 of a ziggurat
 39800 | Zig:4    | Entered Level 4 of a ziggurat
 39814 | Zig:4    | Identified the +3 halberd "Kutiv" {heavy, Str+4}
 39817 | Zig:5    | Entered Level 5 of a ziggurat
 39820 | Zig:5    | Noticed Xajil the pandemonium lord
 39827 | Zig:5    | Killed Xajil the pandemonium lord
 39844 | Zig:5    | Identified the ring of Day {rF- rC+++ Str+4 Dex+6 Slay-3}
 39849 | Zig:6    | Entered Level 6 of a ziggurat
 39861 | Zig:6    | Identified the +0 flail "Hydrabane" {heavy, *Rage Fly Int-4
                  | Dex+7}
 39867 | Zig:6    | Identified the staff of conjuration "Fokaikk" {Will+ Str-5
                  | Int+5 Stlth+}
 39868 | Zig:6    | Identified the ring of Yfeceas {rN+ Slay+3}
 39872 | Zig:7    | Entered Level 7 of a ziggurat
 39894 | Zig:7    | Found the brooch of Shielding {Spirit SH+8}
 39900 | Zig:7    | Identified the +8 mace of Qaug {heavy, rF+ Dex+3}
 39901 | Zig:7    | Identified the +4 trident of Inquiry {venom, Int+6}
 39903 | Zig:7    | Identified the staff of earth "Qauhafu" {Drain rElec Int+2
                  | Dex+3}
 39912 | Zig:8    | Entered Level 8 of a ziggurat
 39928 | Zig:8    | Identified the staff of fire "Itust" {rF+ Int+2 Stlth+}
 39935 | Zig:9    | Entered Level 9 of a ziggurat
 39939 | Zig:9    | Noticed a dread lich
 39939 | Zig:9    | Found the amulet of Vitality {RegenMP++ Regen++}
 39942 | Zig:9    | Killed a dread lich
 39953 | Zig:9    | Identified the ring of Waribank {*Corrode rF+ rC+ rN+ SInv}
 39954 | Zig:9    | Identified the +8 broad axe of the Fifty Friends {vamp,
                  | rPois Dex+3 Stlth-}
 39957 | Zig:10   | Entered Level 10 of a ziggurat
 39965 | Zig:10   | Reached skill level 18 in Fire Magic
 39981 | Zig:11   | Entered Level 11 of a ziggurat
 40024 | Zig:11   | Identified the ring of the Mutiny {rC+++ rN+ EV+5 Dex-3
                  | Stlth+}
 40027 | Zig:11   | Identified the +7 lajatang of Watchfulness {vamp, rCorr
                  | MP+9 Str-3}
 40032 | Zig:11   | Identified the staff of cold "Tytozabb" {*Slow Fly rC+
                  | Str+3}
 40043 | Zig:12   | Entered Level 12 of a ziggurat
 40051 | Zig:12   | Reached skill level 6 in Shields
 40069 | Zig:13   | Entered Level 13 of a ziggurat
 40079 | Zig:13   | Reached skill level 9 in Shields
 40101 | Zig:13   | Acquired the Precepts of Illusion and the Shot
 40106 | Zig:14   | Entered Level 14 of a ziggurat
 40124 | Zig:14   | Identified the staff of conjuration "Ydwamas" {rC++ Str+3}
 40128 | Zig:14   | Identified the +2 quarterstaff of Rutut {antimagic, Dex+3}
 40131 | Zig:14   | Identified the staff of death "Ruczo" {rElec rN+}
 40135 | Zig:14   | Got the Parchment of Liminal Unspeakable Arts
 40146 | Zig:15   | Entered Level 15 of a ziggurat
 40161 | Zig:15   | Reached skill level 12 in Shields
 40180 | Zig:15   | Identified the ring "Fuor" {rElec AC+4}
 40188 | Zig:15   | Identified the +9 ring mail of the Garden {Str+2}
 40191 | Zig:15   | Acquired the ring of Epiedo {rCorr Int+6 Dex+6}
 40196 | Zig:16   | Entered Level 16 of a ziggurat
 40218 | Zig:16   | Identified the +6 hand axe "Goseaf" {vamp, MP+9 Str-4
                  | Dex+4}
 40229 | Zig:17   | Entered Level 17 of a ziggurat
 40243 | Zig:17   | Reached skill level 15 in Invocations
 40273 | Zig:17   | Identified the +2 robe "Cuwk" {Dex+4}
 40274 | Zig:17   | Identified the +3 leather armour "Geicva Kojuu" {Stlth+}
 40275 | Zig:17   | Identified the +1 chain mail of Iskiollu {rC+}
 40280 | Zig:18   | Entered Level 18 of a ziggurat
 40289 | Zig:18   | Noticed a juggernaut
 40290 | Zig:18   | Noticed a juggernaut
 40290 | Zig:18   | Noticed a juggernaut
 40290 | Zig:18   | Noticed a juggernaut
 40292 | Zig:18   | Killed a juggernaut
 40292 | Zig:18   | Killed a juggernaut
 40292 | Zig:18   | Killed a juggernaut
 40293 | Zig:18   | Killed a juggernaut
 40306 | Zig:18   | Identified the ring of Xom's Entertainment {*Slow Str+8
                  | Int+6 Dex-4 Slay+5}
 40311 | Zig:18   | Identified the +1 plate armour of the Thunderstorm
                  | {*Corrode Will++ SInv}
 40312 | Zig:18   | Identified the +2 quarterstaff "Duzuyziu" {vamp, rElec rN++
                  | SInv Stlth+}
 40315 | Zig:18   | Identified the ring "Ceirippo" {Str+6 Int+5}
 40318 | Zig:18   | Identified the +0 ring mail "Qyepnirgh" {rPois rCorr Str+9
                  | Dex-5}
 40319 | Zig:18   | Identified the +11 whip of Ocischel {venom, rPois Str+3}
 40325 | Zig:19   | Entered Level 19 of a ziggurat
 40343 | Zig:19   | Reached skill level 15 in Shields
 40355 | Zig:19   | Identified the staff of death "Ceffouz" {Fragile rN+ Str+5
                  | Int+4}
 40358 | Zig:19   | Identified the staff of air "Foepluv" {rElec Int+3 Dex+4}
 40365 | Zig:19   | Identified the ring of Xom's Best Wishes {Drain rElec rC-
                  | rN+++ Str+6}
 40369 | Zig:20   | Entered Level 20 of a ziggurat
 40470 | Zig:21   | Entered Level 21 of a ziggurat
 40477 | Zig:21   | Noticed a juggernaut
 40482 | Zig:21   | Noticed a juggernaut
 40482 | Zig:21   | Noticed a juggernaut
 40484 | Zig:21   | Found the +12 glaive of Prune {freeze, Prune}
 40484 | Zig:21   | Killed a juggernaut
 40485 | Zig:21   | Reached skill level 18 in Shields
 40485 | Zig:21   | Killed a juggernaut
 40486 | Zig:21   | Killed a juggernaut
 40494 | Zig:21   | Identified the +1 falchion "Viab" {antimagic, Dex+3}
 40504 | Zig:21   | Identified the ring "Cateb" {rN+ rCorr}
 40506 | Zig:21   | Identified the staff of poison "Sahe" {rPois Str+4}
 40508 | Zig:21   | Identified the +2 pair of boots of Gili {Str+3}
 40509 | Zig:21   | Identified the +0 plate armour of Vlad {rPois Str+2}
 40510 | Zig:21   | Identified the +0 dagger of the Morning {venom, rCorr Str+3
                  | Int+2 Dex+3}
 40514 | Zig:22   | Entered Level 22 of a ziggurat
 40544 | Zig:22   | Identified the staff of poison "Bimoumnir" {rPois rC- Will+
                  | Str+4}
 40545 | Zig:22   | Identified the ring "Bumyap" {rPois Will- EV+5 Int+2}
 40549 | Zig:22   | Identified the +0 war axe "Saunlifi" {elec, Contam rF+++
                  | rCorr SInv}
 40550 | Zig:22   | Identified the +0 robe of Tivet {Fly rPois Will- Str+3}
 40553 | Zig:22   | Identified the ring "Axomu" {rPois rCorr Int+5}
 40556 | Zig:22   | Identified the +2 morningstar of Bile {flame, rC+ MP+9
                  | Dex+2}
 40560 | Zig:22   | Acquired a book of the Hunter
 40573 | Zig:23   | Entered Level 23 of a ziggurat
 40617 | Zig:23   | Identified the staff of cold "Eroskoa" {rC+ Str+3 Dex-4
                  | Stlth+}
 40621 | Zig:23   | Identified the ring "Fylaher" {rCorr Int+3}
 40623 | Zig:23   | Identified the ring of the Peasants {rC+ rN+ rCorr Stlth+}
 40626 | Zig:23   | Identified the +4 pair of boots of the Leaf {rElec rPois
                  | Int-3 Stlth+}
 40627 | Zig:23   | Identified the +9 long sword "Wijurgh" {heavy, Str-5 Int+2
                  | Dex+5 SInv}
 40628 | Zig:23   | Identified the +0 battleaxe of Agony {freeze, Int+3}
 40630 | Zig:23   | Acquired 460 gold pieces
 40632 | Zig:23   | Reached skill level 21 in Fire Magic
 40635 | Zig:24   | Entered Level 24 of a ziggurat
 40651 | Zig:24   | Noticed a dread lich
 40651 | Zig:24   | Noticed an ancient lich
 40652 | Zig:24   | Noticed a dread lich
 40652 | Zig:24   | Noticed an ancient lich
 40652 | Zig:24   | Noticed a dread lich
 40652 | Zig:24   | Noticed an ancient lich
 40653 | Zig:24   | Noticed an ancient lich
 40654 | Zig:24   | Killed an ancient lich
 40655 | Zig:24   | Killed an ancient lich
 40655 | Zig:24   | Killed a dread lich
 40655 | Zig:24   | Killed a dread lich
 40655 | Zig:24   | Killed a dread lich
 40656 | Zig:24   | Killed an ancient lich
 40656 | Zig:24   | Killed an ancient lich
 40658 | Zig:24   | Noticed an ancient lich
 40660 | Zig:24   | Found the +18 shield of the Gong {Loud rN+ Will+ rCorr
                  | EV-5}
 40662 | Zig:24   | Killed an ancient lich
 40675 | Zig:24   | Identified the staff of air "Husir" {rElec rPois rC+ Dex+3}
 40680 | Zig:24   | Identified the +0 ring mail of Qazlal's Delight {Rampage
                  | Fly rF+++ Int-4}
 40681 | Zig:24   | Identified the +0 leather armour of Lyrphoem {rF+ Int+3}
 40685 | Zig:24   | Identified the +8 eveningstar of Zin's Esteem {freeze,
                  | MP+9}
 40686 | Zig:24   | Identified the +5 spear of Articulation {freeze, *Rage
                  | rElec Int+3}
 40687 | Zig:24   | Identified the +2 mace "Guyff" {pain, rPois Dex+3 SInv}
 40692 | Zig:24   | Reached skill level 3 in Throwing
 40692 | Zig:24   | Reached skill level 3 in Evocations
 40697 | Zig:25   | Entered Level 25 of a ziggurat
 40714 | Zig:25   | Reached skill level 6 in Evocations
 40722 | Zig:25   | Reached skill level 6 in Throwing
 40768 | Zig:25   | Found the +5 Storm Queen's Shield {shock, Fly rElec}
 40768 | Zig:25   | Found the sphere of Battle
 40777 | Zig:25   | Identified the ring of Buukinu {+Blink rPois rF- rN+ SInv}
 40782 | Zig:25   | Identified the staff of fire "Mupnulugu" {rF+ rN+ Stlth+}
 40792 | Zig:25   | Identified the +6 plate armour of Fecsusug {rElec rCorr
                  | Stlth+}
 40797 | Zig:25   | Reached skill level 9 in Evocations
 40799 | Zig:26   | Entered Level 26 of a ziggurat
 40811 | Zig:26   | Noticed an ancient lich
 40811 | Zig:26   | Noticed an ancient lich
 40813 | Zig:26   | Noticed a dread lich
 40816 | Zig:26   | Killed a dread lich
 40816 | Zig:26   | Killed an ancient lich
 40816 | Zig:26   | Killed an ancient lich
 40819 | Zig:26   | Reached skill level 12 in Evocations
 40827 | Zig:26   | Identified the ring "Xaaciph" {Ice rElec rN+ Slay-3}
 40832 | Zig:26   | Identified the staff of earth "Sorur" {Int+3}
 40836 | Zig:26   | Identified the +6 dagger of a bailey {protect, Dex+5}
 40837 | Zig:26   | Got the Handbook of the Coruscating Door
 40847 | Zig:27   | Entered Level 27 of a ziggurat
 40858 | Zig:27   | Noticed Rotziel the pandemonium lord
 40860 | Zig:27   | Noticed Cic Dev the pandemonium lord
 40863 | Zig:27   | Noticed Zoeling the pandemonium lord
 40895 | Zig:27   | Noticed Daafe the pandemonium lord
 40900 | Zig:27   | Killed Daafe the pandemonium lord
 40907 | Zig:27   | Killed Rotziel the pandemonium lord
 40908 | Zig:27   | Noticed Delew the pandemonium lord
 40908 | Zig:27   | Noticed Itucheim the pandemonium lord
 40909 | Zig:27   | Killed Zoeling the pandemonium lord
 40909 | Zig:27   | Killed Cic Dev the pandemonium lord
 40909 | Zig:27   | Noticed Munuowku the pandemonium lord
 40910 | Zig:27   | Killed Itucheim the pandemonium lord
 40912 | Zig:27   | Killed Munuowku the pandemonium lord
 40920 | Zig:27   | Killed Delew the pandemonium lord
 40921 | Zig:27   | Reached skill level 18 in Fighting
 40932 | Zig:27   | Noticed Sorghy the pandemonium lord
 40934 | Zig:27   | Noticed Ahumud the pandemonium lord
 40935 | Zig:27   | Killed Ahumud the pandemonium lord
 40942 | Zig:27   | Noticed Pasas the pandemonium lord
 40946 | Zig:27   | Killed Sorghy the pandemonium lord
 40946 | Zig:27   | Noticed Ytoewir the pandemonium lord
 40950 | Zig:27   | Reached skill level 12 in Throwing
 40953 | Zig:27   | Killed Ytoewir the pandemonium lord
 40955 | Zig:27   | Killed Pasas the pandemonium lord
 40962 | Zig:27   | Noticed Kisibodi the pandemonium lord
 40963 | Zig:27   | Noticed Vasumeda the pandemonium lord
 40969 | Zig:27   | Killed Kisibodi the pandemonium lord
 40970 | Zig:27   | Killed Vasumeda the pandemonium lord
 40975 | Zig:27   | Noticed Qijaz the pandemonium lord
 40978 | Zig:27   | Killed Qijaz the pandemonium lord
 40980 | Zig:27   | Noticed Waffo the pandemonium lord
 40982 | Zig:27   | Killed Waffo the pandemonium lord
 40983 | Zig:27   | Noticed Lagrep the pandemonium lord
 40984 | Zig:27   | Noticed Adgheepo the pandemonium lord
 40984 | Zig:27   | Killed Lagrep the pandemonium lord
 40989 | Zig:27   | Killed Adgheepo the pandemonium lord
 41005 | Zig:27   | Noticed Onevuiqa the pandemonium lord
 41006 | Zig:27   | Noticed Buogg the pandemonium lord
 41013 | Zig:27   | Killed Buogg the pandemonium lord
 41014 | Zig:27   | Killed Onevuiqa the pandemonium lord
 41035 | Zig:27   | Noticed Iputejis the pandemonium lord
 41038 | Zig:27   | Killed Iputejis the pandemonium lord
 41047 | Zig:27   | Noticed Budir the pandemonium lord
 41050 | Zig:27   | Killed Budir the pandemonium lord
 41082 | Zig:27   | Found the +3 giant club "Skullcrusher" {speed, Str+7}
 41085 | Zig:27   | Found the +5 scythe "Finisher" {speed, execute}
 41090 | Zig:27   | Identified the ring of Fedhas's Favour {Fly rCorr MP+9
                  | Str-2 Int+3}
 41092 | Zig:27   | Identified the staff of conjuration "Ginoclun" {rC- MP+9
                  | Str+4 Int+3}
 41093 | Zig:27   | Identified the ring of the Original Sin {rElec rPois rN+++
                  | Str-5 Int+6}
 41098 | Zig:27   | Identified the +7 short sword "Geryule" {freeze, Str+4}
 41339 | Tomb:2   | Acquired the +0 pair of gloves of the Pleiades {rC+ Will+
                  | Regen+}
 41374 | Tomb:3   | Entered Level 3 of the Tomb of the Ancients
 41389 | Tomb:3   | Noticed a royal mummy
 41392 | Tomb:3   | Killed a royal mummy
 41411 | Tomb:3   | Noticed a royal mummy
 41419 | Tomb:3   | Killed a royal mummy
 41430 | Tomb:3   | Noticed a royal mummy
 41432 | Tomb:3   | Killed a royal mummy
 41432 | Tomb:3   | Noticed a royal mummy
 41433 | Tomb:3   | Reached skill level 21 in Necromancy
 41436 | Tomb:3   | Killed a royal mummy
 41469 | Tomb:3   | Identified the staff of cold "Anue" {rC+ Int+3}
 41489 | Tomb:3   | Identified the +5 mace of Exquisite Death {freeze, *Slow
                  | rElec rC+ Str+5}
 41490 | Tomb:3   | Identified the +0 arbalest "Teim" {elec, Str+2 Int+3 Dex+3}
 41495 | Tomb:3   | Noticed a royal mummy
 41496 | Tomb:3   | Killed a royal mummy
 41506 | Tomb:3   | Noticed a royal mummy
 41511 | Tomb:3   | Killed a royal mummy
 41513 | Tomb:3   | Noticed a royal mummy
 41520 | Tomb:3   | Noticed a royal mummy
 41522 | Tomb:3   | Killed a royal mummy
 41523 | Tomb:3   | Killed a royal mummy
 41559 | Tomb:3   | Got a golden rune of Zot
 41593 | Tomb:3   | Identified the +5 morningstar of Revolt {drain, Int+2
                  | Dex+2}
 41596 | Tomb:3   | Found the +4 Cigotuvi's embrace {Corpsefed rMiasma Drain
                  | rN+}
 41878 | Dis:1    | Entered Level 1 of the Iron City of Dis
 41980 | Dis:2    | Reached skill level 21 in Fighting
 42294 | Dis:7    | Entered Level 7 of the Iron City of Dis
 42335 | Dis:7    | Reached skill level 15 in Throwing
 42536 | Dis:7    | Noticed Dispater
 42545 | Dis:7    | Killed Dispater
 42551 | Dis:7    | Noticed a juggernaut
 42554 | Dis:7    | Killed a juggernaut
 42558 | Dis:7    | Found the +10 zealot's sword {holy, Zealotry, *Rage rN+
                  | EV+3}
 42561 | Dis:7    | Got an iron rune of Zot
 42572 | Dis:7    | Noticed a juggernaut
 42577 | Dis:7    | Killed a juggernaut
 42638 | Tar:1    | Entered Level 1 of Tartarus
 42734 | Tar:4    | Reached skill level 24 in Fighting
 42819 | Tar:7    | Entered Level 7 of Tartarus
 42950 | Tar:7    | Found the +8 Vampire's Tooth {megavamp}
 42954 | Tar:7    | Got the Anthology of the Inferno and Shapes
 43033 | Tar:7    | Identified the staff of conjuration "Geerchui" {rPois}
 43034 | Tar:7    | Identified the +3 ring mail "Felicuehauh" {Regen+ rCorr
                  | Int-2 Stlth+}
 43042 | Tar:7    | Found the +27 heavy crossbow "Sniper" {heavy, Acc+∞ SInv}
 43044 | Tar:7    | Identified the +3 leather armour of the Salamander {Rampage
                  | Int+3 Stlth+}
 43045 | Tar:7    | Identified the +2 leather armour "Nadoqoli" {rN+ rCorr}
 43046 | Tar:7    | Identified the +5 ring mail of the Wasteland {Int+3}
 43048 | Tar:7    | Identified the staff of fire "Woheqor" {rElec rF+}
 43199 | Tar:7    | Noticed Ereshkigal
 43206 | Tar:7    | Killed Ereshkigal
 43210 | Tar:7    | Got a bone rune of Zot
 43323 | Zot:1    | Learned a level 9 spell: Fire Storm
 43388 | Zot:5    | Entered Level 5 of the Realm of Zot
 43397 | Zot:5    | Noticed a dread lich
 43397 | Zot:5    | Noticed a dread lich
 43399 | Zot:5    | Noticed an orb of fire
 43403 | Zot:5    | Killed a dread lich
 43404 | Zot:5    | Killed an orb of fire
 43418 | Zot:5    | Noticed an ancient lich
 43420 | Zot:5    | Killed an ancient lich
 43420 | Zot:5    | Noticed an orb of fire
 43425 | Zot:5    | Killed an orb of fire
 43427 | Zot:5    | Reached skill level 9 in Conjurations
 43491 | Zot:5    | Got the Orb of Zot
 43492 | Zot:5    | Noticed an ancient lich
 43492 | Zot:5    | Noticed an ancient lich
 43493 | Zot:5    | Noticed Masei the pandemonium lord
 43497 | Zot:5    | Killed Masei the pandemonium lord
 43498 | Zot:5    | Killed an ancient lich
 43501 | Zot:5    | Killed an ancient lich
 43501 | Zot:5    | Noticed an orb of fire
 43509 | Zot:5    | Reached skill level 12 in Conjurations
 43891 | D:$      | Escaped with the Orb!

Illustrated notes

Levels and vault maps discovered:
D:1:      wander_arrival_lonely_grave, layout_basic, serial_glass,
          glass_columns_c, glass_columns_b
D:2:      layout_loops_ring, serial_shops, nicolae_shop_bloodbath_and_beyond
D:3:      layout_rooms, kennysheep_generic_room_16
D:4:      layout_loops_ring, slow_altar_1, minmay_temple_entry_poolview,
          portal_sewer_entry_e, grunt_decor_arrowhead
D:5:      lemuel_castle_with_subvaults [lemuel_castle_interior_carwin_2],
          layout_basic, tso_oasis_becter, nicolae_shop_i_like_small_books_too
D:6:      layout_basic, mainiacjoe_overflow_large_starburst, uniq_duvessa
D:7:      minmay_spotlight, layout_rooms, uniq_menkaure
D:8:      layout_rooms, kennysheep_little_box, minmay_misc_feat_chi
D:9:      layout_rooms, serial_glass, glass_columns_c, glass_columns_a,
          item_on_display_b, item_on_display_a, minmay_strange_pillars,
          item_on_display_a
D:10:     layout_layer_cave, lair_entry_dummy, minmay_crystal_room,
          kennysheep_big_empty_room, uniq_amaemon
D:11:     layout_irregular_city, david_orc_3, eino_house_with_fridge,
          uniq_nergalle
D:12:     layout_roguey, uniq_fannar, uniq_josephine
D:13:     kennysheep_windowed_halls, layout_long_grid, david_vaults_3,
          serial_shops, shop, nrook_uturn, uniq_kirke, uniq_frances, uniq_sonja,
          uniq_nessos
D:14:     minmay_the_grid_octo_triangle [minmay_the_grid_octo_horde,
          minmay_the_grid_octo_prize_star, minmay_the_grid_octo_checkerflower],
          layout_long_grid, chequers_garden
D:15:     hangedman_depths_entry_civil_slaughter, layout_cave_pools,
          fedhas_altar_3, serial_shops, nicolae_shop_rolling_square,
          nicolae_water_bricks, uniq_roxanne, uniq_jorgrun, uniq_rupert
Lair:1:   layout_regular_city, grunt_megastairs_5, lemuel_fruit_fields,
          uniq_maggie
Lair:2:   layout_gridlike, minmay_swamp_entry_wisps, guppyfry_snake_entry_island
Lair:3:   layout_cave_shapes, serial_rivers, chequers_serial_rivers_marsh,
          chequers_serial_rivers_small_b, chequers_serial_rivers_micro_b,
          chequers_serial_rivers_micro_b, special_room [special_room_bee]
Lair:4:   layout_loops_ring, dpeg_slime_entry_enclosed, minmay_hedge_maze
Lair:5:   gammafunk_lair_ancient_temple, layout_cave_pods,
          portal_ice_cave_demonic_guard, st_stairs_7
Swamp:1:  layout_basic_swamp, evilmike_swamp_ruin_rubble_1
Swamp:2:  layout_basic_swamp, nicolae_swamp_round_clearing, swamp_pool1,
          amcnicky_altar_lugonu_corruption, infiniplex_staircase_pool
Swamp:3:  layout_basic_swamp, hangedman_swamp_ruin_hall
Swamp:4:  swamp_basic_johnstein, layout_basic_swamp
Snake:1:  layout_misc_corridors, hangedman_snake_corridor_split,
          serial_bayou_shore_b
Snake:2:  layout_basic
Snake:3:  layout_gridlike, serial_bayou_shore_a, minmay_shop_star
Snake:4:  snake_pit, layout_cave_town, lemuel_fruit_tree
Slime:1:  layout_caves
Slime:2:  layout_caves, uniq_dissolution
Slime:3:  layout_caves
Slime:4:  layout_caves, nicolae_slime_getting_an_eyeful
Slime:5
Orc:1:    layout_caves
Orc:2:    grunt_orc_gardens, layout_caves, grunt_orc_garden, grunt_orc_garden,
          grunt_orc_garden, grunt_orc_garden, uniq_donald
Elf:1:    elf_arrival_001, layout_geoelf_grid, serial_shops, shop, orc_legates,
          grunt_megastairs_4
Elf:2:    elven_hall_of_blades_hangedman_original [nicolae_blade_lattice],
          layout_onion_city, serial_shops, nicolae_shop_dealshenge, uniq_agnes
Elf:3:    minmay_elf_hall_statues, layout_loops_cross, kilobyte_rumbling_trees,
          minmay_shop_grove
Vaults:1: v_alt_pattern_4, nicolae_vaults_tetromino_Z_1,
          nicolae_vaults_trapezoid_1, vaults_room_octagon,
          vaults_room_door_ring, ontoclasm_vaults_ring_large,
          nicolae_vaults_oval_intersection, ontoclasm_vaults_chip, v_pattern_2,
          nicolae_vaults_little_squares_1, nicolae_vaults_network_square,
          nicolae_vaults_tetromino_T_2, vaults_room_pool, layout_vaults_omnibox,
          uniq_asterion
Vaults:2: infiniplex_enter_wizlab_water, hangedman_vaults_restitches, v_misc_11,
          nicolae_vaults_murder_corner, nicolae_vaults_specimen_jars,
          vaults_room_semicircle, layout_vaults_omnigrid,
          blue_anna_dwarven_crypt
Vaults:3: nicolae_vaults_loss_of_containment, ontoclasm_vaults_shuriken,
          hangedman_vaults_cutoff, nicolae_vaults_diagonal_hallway_7,
          hangedman_vaults_nails, v_misc_4, nicolae_vaults_storage_closets_2,
          nicolae_vaults_network_periphery, hangedman_vaults_stagger,
          nicolae_vaults_big_angled_halls, nicolae_vaults_little_ls,
          layout_vaults_maze, serial_shops, nicolae_shop_dealshenge,
          nicolae_shop_real_fake_doors, shop, shop
Vaults:4: nicolae_vaults_windows_and_doors_thing, nicolae_vaults_asterisk,
          grunt_vaults_funnel, nicolae_vaults_heart-shaped_vault,
          vaults_mumra_bighexcomb, hangedman_vaults_stitches,
          nicolae_vaults_tetromino_T_2, v_misc_30,
          nicolae_vaults_offset_grid_hallway_3, vaults_mumra_hexcomb,
          nicolae_vaults_diagonal_hallway_6, v_misc_13, nicolae_vaults_house_1,
          layout_vaults_big_cross, serial_shops,
          nicolae_shop_just_a_little_nook, nicolae_shop_drivethru,
          nicolae_shop_hallway_plus, shop
Vaults:5: serial_shops
Crypt:1:  layout_rooms, grunt_crypt_arrival_webbed
Crypt:2:  layout_basic, lemuel_upstairs_altar, roderic_lattice_octagonal_star
Crypt:3:  due_elkab, layout_chaotic_city, tomb_entry_forgotten_bobbens,
          grunt_ministairs_15, uniq_saint_roka, uniq_josephina
Tomb:1
Tomb:2
Tomb:3
Depths:1: layout_long_grid, grunt_hell_entry_dis_old,
          hangedman_abyss_or_decor_slice, minmay_room_of_horrors,
          evilmike_spriggan_trog_shrine, uniq_enchantress
Depths:2: evilmike_inaccessible_box, layout_gridlike, enter_ziggurat_f,
          grunt_pan_entry_spiral, abyss_entry, hell_entry, nicolae_diode_basic,
          infiniplex_staircase_spiral, serial_bayou_shore_b
Depths:3: thingy_vault_2, layout_gridville, nicolae_ashenzari_panopticon,
          hell_entry, hangedman_abyss_entry_splay, nicolae_keep_em_comin,
          infiniplex_staircase_pool_2, uniq_mara, uniq_sojobo
Depths:4: grunt_zot_entry_gee_three, layout_twisted_cross, grunt_mini_vestibule
Hell
Dis:1:    layout_gridville, nicolae_dis_strange_trophy_room
Dis:2:    layout_subdivisions, nicolae_dis_metal_lava_thing
Dis:3:    layout_subdivisions, nicolae_dis_fourth_circle
Dis:4:    layout_regular_city
Dis:5:    layout_overlapping_boxes
Dis:6:    layout_overlapping_boxes
Dis:7:    dis_st
Geh:1:    layout_gehenna_pools_box, nicolae_hells_leichenhalle
Geh:2:    layout_gehenna_lava_caves
Geh:3:    layout_gehenna_pools_triple
Geh:4:    layout_gehenna_pools_box
Geh:5:    layout_gehenna_pools_triple
Geh:6:    layout_gehenna_lava_caves
Geh:7:    geh_old
Coc:1:    layout_cocytus_delve
Coc:2:    layout_cocytus_water_paths
Coc:3:    layout_cocytus_water_paths
Coc:4:    layout_ice_bergs
Coc:5:    layout_ice_bergs
Coc:6:    layout_ice_bergs
Coc:7:    coc_grunt
Tar:1:    layout_honeycomb
Tar:2:    layout_honeycomb, nicolae_hells_seeping_fissure
Tar:3:    layout_honeycomb
Tar:4:    layout_grid_maze
Tar:5:    layout_grid_maze
Tar:6:    layout_grid_maze
Tar:7:    tar_mu [tar_mu_maze]
Zot:1:    layout_gridlike, skrybe_zot_glass_2
Zot:2:    lemuel_acid_trip, layout_onion, st_large_dragon_hoard_1, uniq_vv
Zot:3:    gammafunk_sealed_arena, layout_cathedral_of_symmetry
Zot:4:    layout_onion_interference
Zot:5:    layout_cellular_growth

Skill      XL: |  1  2  3  4  5  6  7  8  9 10 11 12 13 14 15 16 17 18 19 20 21 22 23 24 25 26 27 |
---------------+----------------------------------------------------------------------------------+-----
Spellcasting   | 2 3 4 5 6 7 9 11 13 15 16 17 20 22 24 27 | 27.0
Fighting       | 2 4 6 7 8 26 | 26.1
Earth Magic    | 3 7 9 11 12 14 16 17 18 19 21 24 26 | 26.0
Armour         | 3 4 |  4.4
Necromancy     | 10 13 21 | 21.6
Conjurations   | 3 6 12 | 12.3
Dodging        | 7 11 12 13 18 | 18.2
Invocations    | 8 13 14 15 | 15.0
Translocations | 3 |  3.0
Ice Magic      | 6 14 18 19 20 | 20.0
Transmutations | 7 |  7.0
Fire Magic     | 23 | 23.6
Shields        | 19 | 19.9
Throwing       | 17 | 17.4
Evocations     | 14 | 14.3
Ranged Weapons | |  1.7
Hexes          | |  3.0

Action                     |  1- 3 |  4- 6 |  7- 9 | 10-12 | 13-15 | 16-18 | 19-21 | 22-24 | 25-27 || total
---------------------------+-------+-------+-------+-------+-------+-------+-------+-------+-------++-------
  Melee: Dagger            |       |   110 |    33 |     4 |       |       |       |       |       ||   147
         Tailslap          |       |    14 |    77 |    19 |       |       |       |       |     9 ||   119
         Punch             |       |     1 |       |       |       |       |       |       |       ||     1
         Flail             |       |       |   268 |       |       |       |       |       |       ||   268
         Long sword        |       |       |    45 |    99 |       |       |       |       |       ||   144
         Trident           |       |       |    40 |     1 |     1 |       |       |       |       ||    42
         Demon whip        |       |       |       |     9 |       |       |       |       |       ||     9
         Staff             |       |       |       |       |     1 |       |       |       |    18 ||    19
         Broad axe         |       |       |       |       |       |       |     1 |       |       ||     1
         Eveningstar       |       |       |       |       |       |       |       |       |     4 ||     4
         Bo                |       |       |       |       |       |       |       |       |     3 ||     3
   Fire: Sling             |   155 |    66 |    14 |     3 |       |       |       |       |       ||   238
  Throw: Dart              |       |     3 |     1 |     3 |     1 |       |       |       |       ||     8
         Throwing net      |       |       |       |     2 |       |       |       |       |       ||     2
         Javelin           |       |       |       |       |       |       |       |       |     1 ||     1
   Cast: Slow              |     3 |       |       |       |       |       |       |       |       ||     3
         Portal Projectile |     1 |     3 |       |       |       |       |       |       |       ||     4
         Inner Flame       |       |     2 |       |       |       |       |       |       |       ||     2
         Lee's Rapid Decon |       |       |     3 |   102 |   222 |   205 |   229 |   468 |   335 ||  1564
         Passwall          |       |       |       |    28 |   163 |   482 |   118 |   130 |   393 ||  1314
         Sublimation of Bl |       |       |       |    62 |   214 |   315 |   208 |   358 |  1255 ||  2412
         Petrify           |       |       |       |    19 |    17 |    19 |     1 |     4 |       ||    60
         Borgnjor's Vile C |       |       |       |     3 |    14 |   126 |   107 |    72 |    72 ||   394
         Iron Shot         |       |       |       |       |   180 |   269 |   235 |   191 |   191 ||  1066
         Vampiric Draining |       |       |       |       |     1 |       |     3 |       |       ||     4
         Apportation       |       |       |       |       |       |       |    85 |   165 |   584 ||   834
         Blink             |       |       |       |       |       |       |    16 |    78 |   293 ||   387
         Fireball          |       |       |       |       |       |       |     3 |     1 |       ||     4
         Passage of Golubr |       |       |       |       |       |       |       |   351 |   797 ||  1148
         Lehudib's Crystal |       |       |       |       |       |       |       |     2 |   251 ||   253
         Ozocubu's Refrige |       |       |       |       |       |       |       |     7 |   596 ||   603
         Polar Vortex      |       |       |       |       |       |       |       |       |    60 ||    60
         Necromutation     |       |       |       |       |       |       |       |       |    79 ||    79
         Ignition          |       |       |       |       |       |       |       |       |   272 ||   272
         Plasma Beam       |       |       |       |       |       |       |       |       |    84 ||    84
         Vhi's Electric Ch |       |       |       |       |       |       |       |       |    15 ||    15
         Death's Door      |       |       |       |       |       |       |       |       |     5 ||     5
         Fire Storm        |       |       |       |       |       |       |       |       |     1 ||     1
 Invoke: Slouch            |       |       |       |       |       |     7 |    13 |    13 |    17 ||    50
Ability: End Transformatio |       |       |       |       |       |       |       |       |    77 ||    77
         Evoke Invisibilit |       |       |       |       |       |       |       |       |     1 ||     1
  Evoke: Lightning rod     |       |       |       |     1 |     4 |       |       |       |       ||     5
         Wand              |       |       |       |       |     2 |     5 |     4 |     8 |    46 ||    65
         Tin of tremorston |       |       |       |       |       |       |     1 |     2 |     2 ||     5
    Use: Scroll            |     8 |     3 |     7 |     9 |     9 |     3 |     8 |     4 |    75 ||   126
         Potion            |       |     4 |       |     6 |     5 |     9 |     4 |       |    42 ||    70
   Stab: Sleeping          |       |     1 |       |       |       |       |       |       |     1 ||     2
         Petrified         |       |       |       |    11 |     1 |       |       |       |       ||    12
         Distracted        |       |       |       |       |       |       |       |       |     1 ||     1
 Armour: Robe              |     8 |    12 |       |       |       |       |       |       |     1 ||    21
         Chain mail        |       |   104 |   341 |   143 |   119 |    61 |    64 |    28 |       ||   860
         Acid dragon scale |       |       |       |       |       |       |       |    17 |   110 ||   127
  Dodge: Dodged            |    45 |    68 |   200 |    85 |   124 |   163 |   126 |   172 |   641 ||  1624
  Block: Buckler           |       |       |       |       |       |       |       |    28 |    99 ||   127
         Tower shield      |       |       |       |       |       |       |       |       |   338 ||   338

Table legend: (Time is in decaauts)
 A = Elapsed time spent in this place.
 B = Non-inter-level travel time spent in this place.
 C = Inter-level travel time spent in this place.
 D = Time resting spent in this place.
 E = Time spent auto-exploring this place.
 F = Levels seen in this place.
 G = Mean time per level.
                   A        B        C        D        E       F      G
               +--------+--------+--------+--------+--------+-----+--------+
         Total |  64275 |  59637 |   4638 |    389 |      0 | 132 |  486.9 |
       Dungeon |  16346 |  14562 |   1784 |     26 |      0 |  15 | 1089.7 |
          Lair |   5076 |   4631 |    445 |      0 |      0 |   5 | 1015.2 |
         Swamp |   2560 |   2413 |    147 |      0 |      0 |   4 |  640.0 |
     Snake Pit |   4145 |   4104 |     41 |     10 |      0 |   4 | 1036.2 |
    Slime Pits |    558 |    558 |      0 |      6 |      0 |   5 |  111.6 |
  Orcish Mines |   1727 |   1570 |    157 |      0 |      0 |   2 |  863.5 |
   Elven Halls |   3909 |   3859 |     50 |     41 |      0 |   3 | 1303.0 |
        Vaults |   8007 |   6311 |   1696 |     40 |      0 |   5 | 1601.4 |
         Crypt |   3512 |   3262 |    250 |      4 |      0 |   3 | 1170.7 |
          Tomb |    580 |    580 |      0 |     10 |      0 |   3 |  193.3 |
        Depths |   3368 |   3368 |      0 |      2 |      0 |   4 |  842.0 |
          Hell |    450 |    450 |      0 |      9 |      0 |   1 |  450.0 |
           Dis |    982 |    982 |      0 |      0 |      0 |   7 |  140.3 |
       Gehenna |   1753 |   1753 |      0 |     21 |      0 |   7 |  250.4 |
       Cocytus |   1123 |   1123 |      0 |     46 |      0 |   7 |  160.4 |
      Tartarus |    693 |    693 |      0 |      6 |      0 |   7 |   99.0 |
           Zot |   3769 |   3703 |     66 |      0 |      0 |   5 |  753.8 |
         Abyss |    270 |    270 |      0 |      0 |      0 |   4 |   67.5 |
   Pandemonium |   2685 |   2685 |      0 |     54 |      0 |  11 |  244.1 |
      Ziggurat |   1530 |   1530 |      0 |     83 |      0 |  27 |   56.7 |
         Sewer |    215 |    215 |      0 |      0 |      0 |   1 |  215.0 |
      Ice Cave |    579 |    579 |      0 |      0 |      0 |   1 |  579.0 |
        Wizlab |    429 |    429 |      0 |     31 |      0 |   1 |  429.0 |
               +--------+--------+--------+--------+--------+-----+--------+

Top non-repeatable levels by time:
     D:5: 2304 daAuts
    D:10: 2016 daAuts
Vaults:4: 1802 daAuts
Vaults:3: 1714 daAuts
 Crypt:3: 1684 daAuts
Vaults:2: 1684 daAuts
    D:13: 1551 daAuts
    D:14: 1482 daAuts
Vaults:1: 1405 daAuts
Vaults:5: 1401 daAuts
    D:11: 1336 daAuts
   Elf:1: 1335 daAuts
   Elf:3: 1331 daAuts
  Lair:5: 1328 daAuts
 Snake:4: 1307 daAuts

Table legend:
 A = Kills in this place as a percentage of kills in the entire game.
 B = Kills by you in this place as a percentage of kills by you in the entire game.
 C = Kills by friends in this place as a percentage of kills by friends in the entire game.
 D = Other kills in this place as a percentage of other kills in the entire game.
 E = Experience gained in this place as a percentage of experience gained in the entire game.
 F = Experience gained in this place divided by the number of levels of this place that you have seen.
                   A       B       C       D       E      F
               +-------+-------+-------+-------+-------+----------------------
         Total | 100.0 | 100.0 |   N/A | 100.0 | 100.0 | 27707.9
       Dungeon |  10.7 |  10.7 |   N/A |   0.0 |   2.6 | 6436.2
          Lair |   3.7 |   3.7 |   N/A |   0.0 |   1.3 | 9769.6
         Swamp |   2.7 |   2.7 |   N/A |   0.0 |   1.9 | 17373.5
     Snake Pit |   4.0 |   4.0 |   N/A |   0.0 |   2.6 | 23408.5
    Slime Pits |   1.9 |   1.9 |   N/A |   0.0 |   1.6 | 11889.4
  Orcish Mines |   1.8 |   1.8 |   N/A |   0.0 |   0.4 | 7144.5
   Elven Halls |   4.6 |   4.6 |   N/A |   0.0 |   3.9 | 47897.7
        Vaults |   7.1 |   7.1 |   N/A |   0.0 |   7.1 | 51891.8
         Crypt |   4.4 |   4.4 |   N/A |   0.0 |   3.5 | 42062.0
          Tomb |   3.7 |   3.7 |   N/A |   0.0 |   3.5 | 42620.0
        Depths |   6.2 |   6.2 |   N/A |   0.0 |   7.0 | 63749.5
          Hell |   1.8 |   1.8 |   N/A |   0.0 |   1.1 | 40626.0
           Dis |   2.8 |   2.8 |   N/A |   0.0 |   5.4 | 28039.7
       Gehenna |   2.9 |   2.9 |   N/A |   0.0 |   5.4 | 28074.9
       Cocytus |   5.8 |   5.8 |   N/A |  50.0 |   8.3 | 43530.1
      Tartarus |   2.9 |   2.9 |   N/A |   0.0 |   4.7 | 24591.4
           Zot |   4.8 |   4.8 |   N/A |   0.0 |   7.5 | 54658.4
         Abyss |   0.5 |   0.5 |   N/A |   0.0 |   0.4 | 3348.5
   Pandemonium |   7.2 |   7.2 |   N/A |   0.0 |   7.7 | 25566.4
      Ziggurat |  18.4 |  18.4 |   N/A |  50.0 |  23.2 | 31492.6
         Sewer |   0.1 |   0.1 |   N/A |   0.0 |   0.0 | 147.0
      Ice Cave |   1.2 |   1.2 |   N/A |   0.0 |   0.4 | 14527.0
        Wizlab |   0.7 |   0.7 |   N/A |   0.0 |   0.5 | 19822.0
               +-------+-------+-------+-------+-------+----------------------

Levels and vault maps discovered:
D:1:      wander_arrival_lonely_grave, layout_basic, serial_glass,
          glass_columns_c, glass_columns_b
D:2:      layout_loops_ring, serial_shops, nicolae_shop_bloodbath_and_beyond
D:3:      layout_rooms, kennysheep_generic_room_16
D:4:      layout_loops_ring, slow_altar_1, minmay_temple_entry_poolview,
          portal_sewer_entry_e, grunt_decor_arrowhead
D:5:      lemuel_castle_with_subvaults [lemuel_castle_interior_carwin_2],
          layout_basic, tso_oasis_becter, nicolae_shop_i_like_small_books_too
D:6:      layout_basic, mainiacjoe_overflow_large_starburst, uniq_duvessa
D:7:      minmay_spotlight, layout_rooms, uniq_menkaure
D:8:      layout_rooms, kennysheep_little_box, minmay_misc_feat_chi
D:9:      layout_rooms, serial_glass, glass_columns_c, glass_columns_a,
          item_on_display_b, item_on_display_a, minmay_strange_pillars,
          item_on_display_a
D:10:     layout_layer_cave, lair_entry_dummy, minmay_crystal_room,
          kennysheep_big_empty_room, uniq_amaemon
D:11:     layout_irregular_city, david_orc_3, eino_house_with_fridge,
          uniq_nergalle
D:12:     layout_roguey, uniq_fannar, uniq_josephine
D:13:     kennysheep_windowed_halls, layout_long_grid, david_vaults_3,
          serial_shops, shop, nrook_uturn, uniq_kirke, uniq_frances, uniq_sonja,
          uniq_nessos
D:14:     minmay_the_grid_octo_triangle [minmay_the_grid_octo_horde,
          minmay_the_grid_octo_prize_star, minmay_the_grid_octo_checkerflower],
          layout_long_grid, chequers_garden
D:15:     hangedman_depths_entry_civil_slaughter, layout_cave_pools,
          fedhas_altar_3, serial_shops, nicolae_shop_rolling_square,
          nicolae_water_bricks, uniq_roxanne, uniq_jorgrun, uniq_rupert
Lair:1:   layout_regular_city, grunt_megastairs_5, lemuel_fruit_fields,
          uniq_maggie
Lair:2:   layout_gridlike, minmay_swamp_entry_wisps, guppyfry_snake_entry_island
Lair:3:   layout_cave_shapes, serial_rivers, chequers_serial_rivers_marsh,
          chequers_serial_rivers_small_b, chequers_serial_rivers_micro_b,
          chequers_serial_rivers_micro_b, special_room [special_room_bee]
Lair:4:   layout_loops_ring, dpeg_slime_entry_enclosed, minmay_hedge_maze
Lair:5:   gammafunk_lair_ancient_temple, layout_cave_pods,
          portal_ice_cave_demonic_guard, st_stairs_7
Swamp:1:  layout_basic_swamp, evilmike_swamp_ruin_rubble_1
Swamp:2:  layout_basic_swamp, nicolae_swamp_round_clearing, swamp_pool1,
          amcnicky_altar_lugonu_corruption, infiniplex_staircase_pool
Swamp:3:  layout_basic_swamp, hangedman_swamp_ruin_hall
Swamp:4:  swamp_basic_johnstein, layout_basic_swamp
Snake:1:  layout_misc_corridors, hangedman_snake_corridor_split,
          serial_bayou_shore_b
Snake:2:  layout_basic
Snake:3:  layout_gridlike, serial_bayou_shore_a, minmay_shop_star
Snake:4:  snake_pit, layout_cave_town, lemuel_fruit_tree
Slime:1:  layout_caves
Slime:2:  layout_caves, uniq_dissolution
Slime:3:  layout_caves
Slime:4:  layout_caves, nicolae_slime_getting_an_eyeful
Slime:5
Orc:1:    layout_caves
Orc:2:    grunt_orc_gardens, layout_caves, grunt_orc_garden, grunt_orc_garden,
          grunt_orc_garden, grunt_orc_garden, uniq_donald
Elf:1:    elf_arrival_001, layout_geoelf_grid, serial_shops, shop, orc_legates,
          grunt_megastairs_4
Elf:2:    elven_hall_of_blades_hangedman_original [nicolae_blade_lattice],
          layout_onion_city, serial_shops, nicolae_shop_dealshenge, uniq_agnes
Elf:3:    minmay_elf_hall_statues, layout_loops_cross, kilobyte_rumbling_trees,
          minmay_shop_grove
Vaults:1: v_alt_pattern_4, nicolae_vaults_tetromino_Z_1,
          nicolae_vaults_trapezoid_1, vaults_room_octagon,
          vaults_room_door_ring, ontoclasm_vaults_ring_large,
          nicolae_vaults_oval_intersection, ontoclasm_vaults_chip, v_pattern_2,
          nicolae_vaults_little_squares_1, nicolae_vaults_network_square,
          nicolae_vaults_tetromino_T_2, vaults_room_pool, layout_vaults_omnibox,
          uniq_asterion
Vaults:2: infiniplex_enter_wizlab_water, hangedman_vaults_restitches, v_misc_11,
          nicolae_vaults_murder_corner, nicolae_vaults_specimen_jars,
          vaults_room_semicircle, layout_vaults_omnigrid,
          blue_anna_dwarven_crypt
Vaults:3: nicolae_vaults_loss_of_containment, ontoclasm_vaults_shuriken,
          hangedman_vaults_cutoff, nicolae_vaults_diagonal_hallway_7,
          hangedman_vaults_nails, v_misc_4, nicolae_vaults_storage_closets_2,
          nicolae_vaults_network_periphery, hangedman_vaults_stagger,
          nicolae_vaults_big_angled_halls, nicolae_vaults_little_ls,
          layout_vaults_maze, serial_shops, nicolae_shop_dealshenge,
          nicolae_shop_real_fake_doors, shop, shop
Vaults:4: nicolae_vaults_windows_and_doors_thing, nicolae_vaults_asterisk,
          grunt_vaults_funnel, nicolae_vaults_heart-shaped_vault,
          vaults_mumra_bighexcomb, hangedman_vaults_stitches,
          nicolae_vaults_tetromino_T_2, v_misc_30,
          nicolae_vaults_offset_grid_hallway_3, vaults_mumra_hexcomb,
          nicolae_vaults_diagonal_hallway_6, v_misc_13, nicolae_vaults_house_1,
          layout_vaults_big_cross, serial_shops,
          nicolae_shop_just_a_little_nook, nicolae_shop_drivethru,
          nicolae_shop_hallway_plus, shop
Vaults:5: serial_shops
Crypt:1:  layout_rooms, grunt_crypt_arrival_webbed
Crypt:2:  layout_basic, lemuel_upstairs_altar, roderic_lattice_octagonal_star
Crypt:3:  due_elkab, layout_chaotic_city, tomb_entry_forgotten_bobbens,
          grunt_ministairs_15, uniq_saint_roka, uniq_josephina
Tomb:1
Tomb:2
Tomb:3
Depths:1: layout_long_grid, grunt_hell_entry_dis_old,
          hangedman_abyss_or_decor_slice, minmay_room_of_horrors,
          evilmike_spriggan_trog_shrine, uniq_enchantress
Depths:2: evilmike_inaccessible_box, layout_gridlike, enter_ziggurat_f,
          grunt_pan_entry_spiral, abyss_entry, hell_entry, nicolae_diode_basic,
          infiniplex_staircase_spiral, serial_bayou_shore_b
Depths:3: thingy_vault_2, layout_gridville, nicolae_ashenzari_panopticon,
          hell_entry, hangedman_abyss_entry_splay, nicolae_keep_em_comin,
          infiniplex_staircase_pool_2, uniq_mara, uniq_sojobo
Depths:4: grunt_zot_entry_gee_three, layout_twisted_cross, grunt_mini_vestibule
Hell
Dis:1:    layout_gridville, nicolae_dis_strange_trophy_room
Dis:2:    layout_subdivisions, nicolae_dis_metal_lava_thing
Dis:3:    layout_subdivisions, nicolae_dis_fourth_circle
Dis:4:    layout_regular_city
Dis:5:    layout_overlapping_boxes
Dis:6:    layout_overlapping_boxes
Dis:7:    dis_st
Geh:1:    layout_gehenna_pools_box, nicolae_hells_leichenhalle
Geh:2:    layout_gehenna_lava_caves
Geh:3:    layout_gehenna_pools_triple
Geh:4:    layout_gehenna_pools_box
Geh:5:    layout_gehenna_pools_triple
Geh:6:    layout_gehenna_lava_caves
Geh:7:    geh_old
Coc:1:    layout_cocytus_delve
Coc:2:    layout_cocytus_water_paths
Coc:3:    layout_cocytus_water_paths
Coc:4:    layout_ice_bergs
Coc:5:    layout_ice_bergs
Coc:6:    layout_ice_bergs
Coc:7:    coc_grunt
Tar:1:    layout_honeycomb
Tar:2:    layout_honeycomb, nicolae_hells_seeping_fissure
Tar:3:    layout_honeycomb
Tar:4:    layout_grid_maze
Tar:5:    layout_grid_maze
Tar:6:    layout_grid_maze
Tar:7:    tar_mu [tar_mu_maze]
Zot:1:    layout_gridlike, skrybe_zot_glass_2
Zot:2:    lemuel_acid_trip, layout_onion, st_large_dragon_hoard_1, uniq_vv
Zot:3:    gammafunk_sealed_arena, layout_cathedral_of_symmetry
Zot:4:    layout_onion_interference
Zot:5:    layout_cellular_growth
